 Dungeon Crawl Stone Soup version 0.31-a0-931-g7b59d4eb97 (webtiles) character file.

Game seed: 3580682602258791135

1280769 Flugkiller the Archmage (level 27, -10/156 (188) HPs)
             Began as a Deep Elf Fire Elementalist on Oct 19, 2023.
             Was the Champion of Vehumet.
             Killed by dispel undead
             ... invoked by a Tzitzimitl
              (61 damage)
             ... on level 6 of Tartarus.
             The game lasted 03:45:26 (86965 turns).

Flugkiller the Archmage (DEFE)                     Turns: 86965, Time: 03:45:27

HP:   -10/156 (188) AC: 47    Str: 20    XL:     27
MP:   56/56         EV: 13    Int: 50    God:    Vehumet [******]
Gold: 15313         SH:  0    Dex: 15    Spells: 11/80 levels left

rFire   + + +        R - staff "Ynor" {Will+ SInv Conj}
rCold   + + .        T - sphere of Battle
rNeg    + + +        u - +8 orange crystal plate armour {Archmagi, Int+3 Clar}
rPois   ∞            X - +3 crown of Dyrovepreva {rElec Int+2 SInv}
rElec   +            A - +1 cloak of Calculation {Str+6}
rCorr   .            i - +1 pair of gloves of Optimism {rF+ Int+4}
SInv    +            P - +2 pair of boots of the Planets {+Blink rF+ Regen+}
Will    ++...        W - amulet of magic regeneration Stlth
                     l - +6 ring of strength
HPRegen 1.26/turn    M - ring "Turox" {rF+ rC+ Str+3 Int+6}
MPRegen 0.75/turn

%: clarity, archmagi
@: brilliant, death-form, hasted, studying 6 skills, silenced, heavily drained,
weak-willed, very quick
A: vile attack, torment immunity, no potions, claws 1, electricity resistance,
sturdy frame 1
}: 14/15 runes: serpentine, barnacled, slimy, silver, golden, iron, obsidian,
icy, abyssal, demonic, glowing, magical, fiery, dark
a: Siphon Essence, Begin Untransformation, Renounce Religion, Evoke Blink


You were on level 6 of Tartarus.
You worshipped Vehumet.
Vehumet was exalted by your worship.
You were an undying horror.
You visited 17 branches of the dungeon, and saw 82 of its levels.
You visited Pandemonium 2 times, and saw 15 of its levels.
You visited the Abyss 2 times.
You visited 2 ziggurats (completing 1), and saw 28 of their levels.
You also visited: Ossuary, Bailey, Gauntlet, Wizlab and Desolation.

You collected 18382 gold pieces.
You spent 3069 gold pieces at shops.

Inventory:

Hand Weapons
 c - the +6 Majin-Bo {spellvamp, MP+6 Int+6}
   (You took it off a Hellbinder in a wizard's laboratory)

   Int+6:     It affects your intelligence (+6).
   MP+6:      It affects your magic capacity (+6).
 d - the +4 spear of Myass {flame, rElec rCorr Stlth-}
   (You found it on level 1 of the Vaults)

   rElec:     It insulates you from electricity.
   rCorr:     It protects you from acid and corrosion.
   Stlth-:    It makes you less stealthy.
 K - the +1 quarterstaff of the End {venom, rF- Will+ rCorr}
   (You found it on level 1 of a ziggurat)

   rF-:       It makes you vulnerable to fire.
   Will+:     It increases your willpower.
   rCorr:     It protects you from acid and corrosion.
Missiles
 k - 9 throwing nets (quivered)
 V - 34 curare-tipped darts
Armour
 i - the +1 pair of gloves of Optimism (worn) {rF+ Int+4}
   (You found it in Pandemonium)

   Int+4:     It affects your intelligence (+4).
   rF+:       It protects you from fire.
 u - the +8 orange crystal plate armour (worn) {Archmagi, Int+3 Clar}
   (You found it on level 18 of a ziggurat)

   Int+3:     It affects your intelligence (+3).
   Clar:      It protects you from confusion, rage, mesmerisation and fear.
 A - the +1 cloak of Calculation (worn) {Str+6}
   (You found it on level 3 of the Crypt)

   Str+6:     It affects your strength (+6).
 P - the +2 pair of boots of the Planets (worn) {+Blink rF+ Regen+}
   (You found it on level 3 of the Elven Halls)

   rF+:       It protects you from fire.
   +Blink:    It lets you blink.
   Regen+:    It increases your rate of health regeneration.
 T - the sphere of Battle (worn)
   (You found it on level 3 of the Tomb of the Ancients)

   Battle:    It summons a battlesphere in combat, with strength depending on
   Conjurations skill.
   Destructive: It enhances your destructive magic, and weakens non-destructive
   magic.
 X - the +3 crown of Dyrovepreva (worn) {rElec Int+2 SInv}
   (You found it on level 26 of a ziggurat)

   Int+2:     It affects your intelligence (+2).
   rElec:     It insulates you from electricity.
   SInv:      It lets you see invisible.
Magical Staves
 R - the staff "Ynor" (weapon) {Will+ SInv Conj}
   (You found it on level 26 of a ziggurat)

   [staff of conjuration]

   Base accuracy: +5 Base damage: 5 Base attack delay: 1.2 This weapon's minimum
   attack delay (0.6) is reached at skill level 12.
   Will+:     It increases your willpower.
   SInv:      It lets you see invisible.
   Conj:      It increases the power of your Conjurations spells.
   It falls into the 'Staves' category.
   It is a one-handed weapon.
Jewellery
 g - the ring "Imamip" {Will+ AC+4}
   (You found it on level 3 of the Tomb of the Ancients)

   [ring of protection]

   AC+4:      It affects your AC (+4).
   Will+:     It increases your willpower.
 l - a +6 ring of strength (left hand)
   (You took it off a necromancer on level 3 of the Crypt)
 v - the amulet of Music {Regen+ Str+3 Dex+6}
   (You found it on level 7 of Gehenna)

   [amulet of regeneration]

   Str+3:     It affects your strength (+3).
   Dex+6:     It affects your dexterity (+6).
   Regen+:    It increases your rate of health regeneration.
 F - the ring "Leikofre" {Ice rElec Will+++ Slay+6 Stlth-}
   (You found it on level 2 of a ziggurat)

   [ring of ice]

   Ice:       It enhances your ice magic.
   Slay+6:    It affects your accuracy & damage with ranged weapons and melee
   (+6).
   rF-:       It makes you vulnerable to fire.
   rC+:       It protects you from cold.
   rElec:     It insulates you from electricity.
   Will+++:   It greatly increases your willpower.
   Stlth-:    It makes you less stealthy.
 H - the ring of Paranoia {*Corrode rPois Will+ Dex+6}
   (You found it on level 2 of the Shoals)

   [ring of dexterity]

   Dex+6:     It affects your dexterity (+6).
   rPois:     It protects you from poison Will+: It increases your willpower.
   *Corrode:  It may corrode you when you take damage.
 M - the ring "Turox" (right hand) {rF+ rC+ Str+3 Int+6}
   (You took it off a deep elf sorcerer on level 3 of the Elven Halls)

   [ring of protection from cold]

   Str+3:     It affects your strength (+3).
   Int+6:     It affects your intelligence (+6).
   rF+:       It protects you from fire.
   rC+:       It protects you from cold.
 W - an amulet of magic regeneration (around neck)
   (You found it on level 9 of the Dungeon)
 Z - the ring of Winter {Drain rElec rF+ Str+2}
   (You found it in a Gauntlet)

   [ring of protection from fire]

   Str+2:     It affects your strength (+2).
   rF+:       It protects you from fire.
   rElec:     It insulates you from electricity.
   Drain:     It drains your maximum health when unequipped.
Talismans
 p - a talisman of death (active)
   (You found it on level 20 of a ziggurat)
Wands
 r - a wand of mindburst (63)
   (You found it on level 5 of the Vaults)
 y - a wand of digging (45)
   (You found it on level 3 of the Snake Pit)
 I - a wand of acid (73)
   (You found it on level 5 of the Lair of Beasts)
 N - a wand of roots (146)
   (You found it on level 7 of the Dungeon)
 U - a wand of paralysis (119)
   (You found it on level 11 of the Dungeon)
Scrolls
 j - 3 scrolls of butterflies
 t - 31 scrolls of teleportation
 z - 16 scrolls of blinking
 C - 10 scrolls of revelation
 G - 10 scrolls of immolation
 J - 24 scrolls of fog
 O - 11 scrolls of fear
 S - 10 scrolls of vulnerability
Potions
 a - 13 potions of enlightenment
 b - 8 potions of magic
 e - 16 potions of attraction
 h - 4 potions of haste
 n - 3 potions of resistance
 q - 21 potions of curing
 s - 3 potions of ambrosia
 w - 5 potions of heal wounds
 x - 16 potions of cancellation
 B - 27 potions of mutation
 E - 5 potions of brilliance
 L - 5 potions of invisibility
 Y - 5 potions of lignification
Miscellaneous
 f - a phial of floods
   (You found it on level 2 of the Vaults)
 m - a +1 figurine of a ziggurat
 o - the horn of Geryon
   (You took it off Geryon in the Vestibule of Hell)
 D - a phantom mirror (inert)
   (You found it in the Desolation of Salt)
 Q - a box of beasts
   (You found it on level 10 of the Dungeon)


   Skills:
 - Level 23.2 Fighting
 - Level 20.0 Armour
 - Level 20.0 Dodging
 - Level 2.4 Stealth
 O Level 27 Spellcasting
 + Level 26.3 Conjurations
 - Level 20.0 Necromancy
 - Level 4.0 Transmutations
 + Level 25.7 Fire Magic
 + Level 25.4 Air Magic
 + Level 25.6 Earth Magic
 - Level 15.0 Evocations
 - Level 23.0 Shapeshifting


You had 11 spell levels left.
You knew the following spells:

 Your Spells              Type           Power      Damage    Failure   Level
a - Shatter               Erth           100%       3d71*     1%          9
c - Fire Storm            Conj/Fire      100%       8d25      1%          9
d - Flame Wave            Conj/Fire      100%       2d21      0%          4
e - Starburst             Conj/Fire      100%       6d25      0%          6
f - Orb of Destruction    Conj           100%       9d21      1%          7
g - Dispel Undead         Necr           100%       3d31      0%          4
h - Chain Lightning       Conj/Air       100%       3d133     1%          9
i - Irradiate             Conj/Tmut      99%        3d44      1%          5
I - Ignition              Fire           100%       3d25      1%          8
P - Borgnjor's Revivific  Necr           79%        N/A       4%          8

Your spell library contained the following spells:

 Spells                   Type           Power      Damage    Failure   Level
 Foxfire                  Conj/Fire      100%       2x1d9     0%          1
 Kiss of Death            Conj/Necr      100%       2d13      0%          1
 Magic Dart               Conj           100%       1d8       0%          1
 Necrotise                Necr           100%       1d9       0%          1
 Sandblast                Erth           100%       2d20      0%          1
 Shock                    Conj/Air       100%       1d9       0%          1
 Cigotuvi's Dreadful Rot  Necr/Pois/Air  100%       N/A       0%          2
 Momentum Strike          Conj/Tloc      100%       3d10      0%          2
 Passwall                 Tmut/Erth      100%       N/A       0%          2
 Poisonous Vapours        Pois/Air       100%       N/A       0%          2
 Scorch                   Fire           100%       2d9       0%          2
 Static Discharge         Conj/Air       100%       2-7/arc   0%          2
 Sublimation of Blood     Necr           100%       N/A       0%          2
 Mephitic Cloud           Conj/Pois/Air  100%       N/A       0%          3
 Stone Arrow              Conj/Erth      100%       3d13      0%          3
 Swiftness                Air            100%       N/A       0%          3
 Vampiric Draining        Necr           100%       2d13      0%          3
 Airstrike                Air            100%       2d(15-31) 0%          4
 Animate Dead             Necr           100%       N/A       0%          4
 Brom's Barrelling Bould  Conj/Erth      100%       2d11      0%          4
 Sticky Flame             Conj/Fire      100%       2d11      0%          4
 Arcjolt                  Conj/Air       100%       1d110     0%          5
 Borgnjor's Vile Clutch   Necr/Erth      82%        N/A       0%          5
 Fireball                 Conj/Fire      100%       3d36      0%          5
 Iskenderun's Battlesphe  Conj           100%       2d15      0%          5
 Lee's Rapid Deconstruct  Erth           100%       3d44*     0%          5
 Bombard                  Conj/Erth      100%       9d16      0%          6
 Conjure Ball Lightning   Conj/Air       100%       3x3d38    0%          6
 Plasma Beam              Fire/Air       100%       2x1d120   0%          6
 Freeze                   Ice            100%       1d10      1%          1
 Sting                    Tmut/Pois      100%       1d8       1%          1
 Wereblood                Tmut           100%       N/A       1%          2
 Dazzling Flash           Conj/Hex       100%       N/A       1%          3
 Frozen Ramparts          Ice            100%       1d16      1%          3
 Hailstorm                Conj/Ice       100%       3d20      1%          3
 Ignite Poison            Fire/Tmut/Pois 100%       N/A       1%          3
 Inner Flame              Hex/Fire       100%       N/A       1%          3
 Volatile Blastmotes      Fire/Tloc      100%       2d18      1%          3
 Anguish                  Hex/Necr       64%        N/A       1%          4
 Animate Armour           Summ/Erth      100%       N/A       1%          4
 Fulminant Prism          Conj/Hex       96%        3d38      1%          4
 Iskenderun's Mystic Bla  Conj/Tloc      100%       2d19      1%          4
 Leda's Liquefaction      Hex/Erth       69%        N/A       1%          4
 Petrify                  Tmut/Erth      100%       N/A       1%          4
 Summon Lightning Spire   Summ/Air       100%       N/A       1%          4
 Vhi's Electric Charge    Tloc/Air       100%       N/A       1%          4
 Agony                    Necr           100%       N/A       1%          5
 Freezing Cloud           Conj/Ice/Air   100%       6-21      1%          5
 Silence                  Hex/Air        69%        N/A       1%          5
 Death Channel            Necr           79%        N/A       1%          6
 Lehudib's Crystal Spear  Conj/Erth      100%       10d22     1%          8
 Maxwell's Capacitive Co  Air            100%       ∞         1%          8
 Apportation              Tloc           100%       N/A       2%          1
 Slow                     Hex            100%       N/A       2%          1
 Summon Small Mammal      Summ           100%       N/A       2%          1
 Spellforged Servitor     Conj/Summ      96%        N/A       2%          7
 Blink                    Tloc           100%       N/A       3%          2
 Call Imp                 Summ           100%       N/A       3%          2
 Ensorcelled Hibernation  Hex/Ice        100%       N/A       3%          2
 Jinxbite                 Hex            100%       N/A       3%          2
 Lesser Beckoning         Tloc           100%       N/A       3%          2
 Infestation              Necr           79%        N/A       4%          8
 Simulacrum               Ice/Necr       64%        N/A       6%          6
 Call Canine Familiar     Summ           79%        N/A       7%          3
 Confusing Touch          Hex            79%        N/A       7%          3
 Gell's Gravitas          Tloc           79%        N/A       7%          3
 Ozocubu's Armour         Ice            79%        N/A       7%          3
 Sigil of Binding         Hex            79%        N/A       7%          3
 Summon Guardian Golem    Hex/Summ       79%        N/A       7%          3
 Teleport Other           Tloc           79%        N/A       7%          3
 Tukima's Dance           Hex            79%        N/A       7%          3
 Olgreb's Toxic Radiance  Pois           100%       N/A       7%          4
 Yara's Violent Unravell  Hex/Tmut       69%        3d26      8%          5
 Cause Fear               Hex            39%        N/A       24%         4
 Dimensional Bullseye     Hex/Tloc       39%        N/A       24%         4
 Passage of Golubria      Tloc           79%        N/A       24%         4
 Summon Ice Beast         Ice/Summ       79%        N/A       24%         4
 Alistair's Intoxication  Tmut/Pois      61%        N/A       28%         5
 Haunt                    Necr/Summ      64%        N/A       32%         7
 Eringya's Noxious Bog    Tmut/Pois      69%        4d6       36%         6
 Metabolic Englaciation   Hex/Ice        39%        N/A       54%         5
 Summon Forest            Summ/Tloc      39%        N/A       54%         5
 Summon Mana Viper        Hex/Summ       79%        N/A       54%         5
 Dispersal                Tloc           39%        N/A       98%         6
 Summon Cactus Giant      Summ           39%        N/A       98%         6
 Ozocubu's Refrigeration  Ice            61%        4d21      99%         7
 Enfeeble                 Hex            39%        N/A       100%        7
 Monstrous Menagerie      Summ           39%        N/A       100%        7
 Summon Hydra             Summ           39%        N/A       100%        7
 Discord                  Hex            39%        N/A       100%        8
 Disjunction              Tloc           39%        N/A       100%        8
 Summon Horrible Things   Summ           39%        N/A       100%        8
 Dragon's Call            Summ           39%        N/A       100%        9
 Polar Vortex             Ice            61%        12d8*     100%        9


Dungeon Overview and Level Annotations

Branches:
Dungeon (15/15)            Temple (1/1) D:5            Lair (5/5) D:9
 Shoals (4/4) Lair:3        Snake (4/4) Lair:2        Slime (5/5) Lair:5
    Orc (2/2) D:9             Elf (3/3) Orc:2        Vaults (5/5) D:14
  Crypt (3/3) Vaults:2       Tomb (3/3) Crypt:3      Depths (4/4) D:15
   Hell (visited)             Dis (7/7) Hell            Geh (7/7) Hell
    Coc (7/7) Hell            Tar (6/7) Hell            Zot (0/5) Depths:4
Ossuary (visited)          Bailey (visited)          WizLab (visited)
Desolation (visited)      Gauntlet (visited)

Altars:
Ashenzari
Cheibriados
Dithmenos
Elyvilon
Fedhas
Gozag
Hepliaklqana
Kikubaaqudgha
Makhleb
Nemelex Xobeh
Okawaru
Qazlal
Ru
Sif Muna
Trog
Uskayaw
Vehumet
Wu Jian
Xom
Yredelemnul
Zin
The Shining One
Jiyva
Lugonu

Shops:
D:4 *   D:5 [   Orc:2 *(?[   Elf:2 ::=   Snake:1 !(*   Snake:2 (*   Snake:4 *
Vaults:3 (   Vaults:4 *   Vaults:5 ??

Portals:
Hell: Depths:1 Depths:2 Depths:3 Depths:4
Abyss: Lair:5 Depths:3 Depths:4
Pandemonium: Depths:2

Annotations:
D:3 2 transporters
D:6 2 transporters, DEFE's ghost, amateur DsFi
D:8 2 runed translucent doors, Vorhees's ghost, novice DjDe
Lair:1 2 runed translucent doors, lastchild's ghost, journeyman OpSh
Snake:4 3 runed translucent doors, exclusion: obsidian statue, Wammyab's ghost, adept DsNe
Elf:2 3 runed translucent doors
Crypt:2 2 transporters, exclusion: orange crystal statue
Depths:3 2 transporters, 2 runed translucent doors, Hacs's ghost, veteran DgCj


Innate Abilities, Weirdness & Mutations

You are an undying horror.
Your melee and unarmed attacks drain, slow and weaken victims.
You are immune to unholy pain and torment.
You cannot drink.
You are immune to poison.
You have sharp fingernails.
You are resistant to electric shocks. (rElec)
Your movements are slightly less encumbered by armour. (ER -2)


Message History

The crystal echidna is heavily damaged.
The great blast of fire engulfs the war gargoyle!!!
The war gargoyle partially resists.
You destroy the war gargoyle!
Vehumet accepts your kill.
You feel your power returning.
Your battlesphere fires!
The barrage of energy hits the crystal echidna!!
The crystal echidna is almost destroyed.
The crystal echidna flicks its quills at you.
The volley of spikes hits your fire vortex.
Unknown command.
Casting: Fire Storm (dangerous; 1% risk of failure)
Confirm with . or Enter, or press ? or * to list all spells.
Aiming: Fire Storm (dangerous; 1% risk of failure)
Press: ? - help, Dir - move target, f/p - crystal echidna
Aim: a crystal echidna (flame, almost destroyed, ally target)
You feel a huge surge of power!
A raging storm of fire appears!
The great blast of fire engulfs the crystal echidna!!!
The crystal echidna partially resists.
You destroy the crystal echidna!
Vehumet accepts your kill.
You feel your power returning.
Unknown command.
Your battlesphere is engulfed in blazing flames. x2
You start resting.
You feel yourself speed up.
You start resting.
Magic restored.
You start resting.
Your battlesphere wavers and loses cohesion.
You start resting.
HP restored.
You start waiting.
Done waiting.
There is an empty arch of ancient stone here.
C - 10 scrolls of revelation (gained 1)
There is a stone staircase leading down here.
You see here a +2 dire flail of protection.
You now have 15275 gold pieces (gained 20).
K - the +1 quarterstaff of the End {venom, rF- Will+ rCorr}
There is a gate leading back out of this place here.
There is a stone staircase leading down here.
You see here a +2 dire flail of protection.
You now have 15313 gold pieces (gained 38).
There is a gate leading back out of this place here.
There is a stone staircase leading down here.
You see here a +2 dire flail of protection.
There is a gate leading back out of this place here.
You cannot drink potions in your current state!
Unknown command.
You begin untransforming.
You continue untransforming. x3
You feel your undeath return to normal.
Unknown command.
Okay, then.
You feel yourself speed up.
You feel clever all of a sudden.
Okay, then.
Okay, then.
You begin transforming.
You continue transforming. x3
Your flesh twists and warps into a mockery of life!
Unknown command.
Welcome back to Tartarus!
You feel a strange tug, urging you deeper into the mouth of Hell...
You conjure a globe of magical energy.
The bone dragon bites you but does no damage.
The bone dragon claws you but does no damage.
The bone dragon tramples you but does no damage.
There is an empty arch of ancient stone here.
Unknown command.
Aiming: Corrosive Bolt
Press: ? - help, Shift-Dir - straight line, f - silent spectre
Aim: a silent spectre (silenced, radiating silence, 60% to hit)
The bolt of acid misses the silent spectre.
The Tzitzimitl gestures at you.
You convulse!
Aiming: Corrosive Bolt
Press: ? - help, Shift-Dir - straight line, f/p - silent spectre
Aim: a silent spectre (silenced, radiating silence, 60% to hit)
The bolt of acid misses the silent spectre.
The bone dragon bites you but does no damage.
The bone dragon claws you but does no damage.
The bone dragon barely misses you. The Tzitzimitl gestures at you.
You convulse!
The bone dragon bites you.
The bone dragon claws you but does no damage.
The bone dragon tramples you but does no damage.
Aiming: Corrosive Bolt
Press: ? - help, Shift-Dir - straight line, f/p - silent spectre
Aim: a silent spectre (silenced, radiating silence, 60% to hit)
The bolt of acid misses the silent spectre.
The bone dragon bites your battlesphere.
The bone dragon claws your battlesphere!!
The bone dragon tramples your battlesphere!!
Your battlesphere holds its ground!
Your battlesphere is destroyed!
The Tzitzimitl gestures at you.
You convulse!
You die...

.#.. ..# # ... ..#
#.## ##.. ...# .
..##.. ...# ...
##..1#####...#
....##......#.....##
...........D.......##
#.....∩...W☼z.......
#......########.....#
.....## ...## .##.
.... # #.# #


You could see a bone dragon, a Tzitzimitl (unsilenced) and a silent spectre
(silencing).

Vanquished Creatures
  Cerebov (Pan)
  Antaeus (Coc:7)
  Asmodeus (Geh:7)
  the Royal Jelly (Slime:5)
  Lom Lobon (Pan)
  Gloorx Vloq (Pan)
  10 dread liches
  A seraph (Pan)
  Mnoleg (Pan)
  Khufu (Crypt:1)
  Mennas (Depths:3)
  7 ancient liches
  3 juggernauts
  Mara (Depths:3)
  14 pandemonium lords
  Parghit (Depths:4)
  Sojobo (Depths:3)
  31 royal mummies
  12 shard shrikes
  Boris (Vaults:2)
  3 Killer Klowns (Zig:19)
  Josephina (Depths:4)
  Bai Suzhen (Vaults:5)
  Geryon (Hell)
  Vashnia (Snake:3)
  22 caustic shrikes
  9 golden dragons
  Nikola (Snake:1)
  A Hellbinder (WizLab)
  5 bone dragons
  16 iron giants
  3 profane servitors
  9 doom hounds
  20 Brimstone Fiends
  24 Ice Fiends
  5 Tzitzimimeh
  7 hellephants
  20 Hell Sentinels
  9 tentacled monstrosities
  Jorgrun (D:14)
  2 shard shrike skeletons (Crypt:2)
  4 tainted leviathans
  8 deep elf blademasters
  2 quicksilver dragons (shapeshifter) (Zig:19)
  Mlioglotl (Shoals:3)
  12 liches
  8 sphinxes
  12 acid blobs
  11 titans
  6 deep elf master archers
  3 quicksilver dragons
  A kraken (Shoals:3)
  3 sphinxes (shapeshifter) (Zig:19)
  7 tentacled starspawn
  22 searing wretches
  22 Executioners (Pan)
  38 ancient champions
  Kirke (D:15)
  A storm dragon (Depths:2)
  2 thorn hunters
  Agnes (D:14)
  Aizul (Snake:3)
  4 revenants
  3 daevas (Pan)
  7 tengu reavers
  A shadow dragon (shapeshifter) (Zig:19)
  Donald (Orc:2)
  2 fenstrider witches
  2 draconian knights (Zig:11)
  6 shadow dragons
  A draconian monk (Zig:11)
  Ilsuiw (Shoals:2)
  8 azure jellies (Slime:5)
  11 nagarajas
  9 narguns
  3 iron dragons
  2 demonspawn warmongers (Pan)
  8 rockslimes (Slime:5)
  7 quicksilver elementals
  18 emperor scorpions
  24 fire giants
  7 deep elf sorcerers
  20 vault wardens
  7 frost giants
  A draconian scorcher (Zig:11)
  8 angels
  4 shard shrike simulacra
  28 ghost moths
  6 curse skulls
  2 imperial myrmidons (Desolation)
  6 deep elf elementalists
  46 balrugs
  3 spectral caustic shrikes
  3 caustic shrike zombies
  25 orc warlords
  2 juggernaut zombies
  A spectral juggernaut (Tar:4)
  2 draconian stormcallers (Zig:11)
  8 reapers
  4 draconian shifters
  5 demonspawn corrupters (Pan)
  32 ironbound preservers
  11 quicksilver oozes (Slime:5)
  26 stone giants
  11 broodmothers
  14 cacodemons
  4 formless jellyfish
  2 draconian annihilators
  5 ghouls
  2 demonspawn blood saints
  7 ophanim (Pan)
  A formless jellyfish (shapeshifter) (Zig:18)
  3 spriggan defenders
  3 caustic shrike skeletons
  35 war gargoyles
  4 ironbound thunderhulks
  31 very ugly things
  6 bennus
  3 green draconians (Zig:11)
  A dire elephant (shapeshifter) (Vaults:5)
  8 bunyips
  7 apis (Pan)
  5 eleionomae
  11 vampire knights
  A demonspawn black sun (Pan)
  A black draconian (Zig:11)
  8 deep elf demonologists
  3 putrid mouths
  3 dire elephants (Vaults:1)
  2 red draconians
  2 halazid warlocks (Desolation)
  15 deep elf annihilators
  9 lorocyprocas
  2 minotaurs
  21 elemental wellsprings
  2 purple draconians
  9 wendigos
  A spectral titan (Tar:2)
  3 yellow draconians (Depths:4)
  10 spark wasps
  8 eidola
  22 mummy priests
  Snorg (D:14)
  27 green deaths
  6 crystal guardians
  A spectral quicksilver dragon (Tar:3)
  18 ettins
  8 blizzard demons
  7 deep elf death magi
  4 spectral spriggans
  7 merfolk impalers
  30 entropy weavers
  29 iron golems
  11 merfolk javelineers
  12 great orbs of eyes
  21 jiangshi
  2 ragged hierophants (Desolation)
  7 deep elf high priests
  22 yaktaur captains
  6 fire dragons
  5 rakshasas
  4 shambling mangroves (Zig:20)
  The ghost of Syrassil the Cleaver, a journeyman MiGl of Okawaru (D:10)
  A great orb of eyes (shapeshifter) (Zig:19)
  35 vault guards
  A quicksilver dragon zombie (Zig:24)
  Harold (Orc:1)
  6 hell beasts
  6 ogre magi
  9 peacekeepers
  18 hydras
  11 ice dragons
  10 juggernaut simulacra
  5 servants of whispers (Desolation)
  10 anacondas
  11 caustic shrike simulacra
  A radroach (shapeshifter) (Zig:22)
  7 death knights
  5 merfolk avatars
  4 spriggan skeletons
  4 ironbound frosthearts
  2 spectral shadow dragons (Tar:1)
  26 salamander tyrants
  A spriggan air mage (Zig:20)
  3 ghost crabs
  5 jorogumos
  A sphinx skeleton (Zig:24)
  2 sphinx zombies (Vaults:3)
  12 centaur warriors
  16 two-headed ogres
  An alligator snapping turtle (Shoals:4)
  4 alligators
  11 boulder beetles
  10 stokers
  7 radroaches
  6 deep troll shamans
  7 satyrs
  14 dancing weapons
  19 death scarabs
  2 merfolk aquamancers
  18 naga warriors
  2 titan zombies
  12 death yaks
  19 demonic crawlers
  23 hell hogs
  4 tengu warriors
  14 thrashing horrors
  19 orc high priests
  3 shock serpents (shapeshifter)
  2 spectral dire elephants
  19 naga sharpshooters
  33 large abominations
  A storm dragon zombie (Zig:24)
  9 vampire magi
  Urug (Orc:1)
  7 deep troll earth magi
  11 shock serpents
  9 spriggan berserkers
  33 soul eaters
  11 crystal echidnas
  8 salamander mystics
  94 sun demons
  17 deep elf knights
  A titan skeleton (Vaults:3)
  5 wretched stars (Zig:22)
  15 hell knights
  A fire crab (Gauntlet)
  8 sea snakes
  A spatial maelstrom (Zig:22)
  12 iron trolls
  12 pharaoh ants
  4 sun moths
  3 skysharks
  An anaconda zombie (Hell)
  40 skeletal warriors
  2 death drakes (shapeshifter) (Zig:10)
  3 golden dragon zombies
  7 quicksilver dragon simulacra
  14 sixfirhies
  9 glowing orange brains
  2 goliath frogs
  12 shadow wraiths
  3 orange crystal statues
  13 death drakes
  8 cherubim (Pan)
  16 orb spiders
  10 flayed ghosts
  7 arcanists
  7 naga ritualists
  2 bog bodies
  12 deep elf archers
  70 deep trolls
  13 shadow demons
  15 swamp dragons
  A fenstrider witch simulacrum (Coc:1)
  6 occultists
  6 spriggan simulacra
  22 harpies
  4 spriggan druids
  3 iron giant skeletons
  32 ironbound convokers
  A steelbarb worm (shapeshifter) (Zig:19)
  8 phantasmal warriors
  21 orc knights
  4 lindwurms (Vaults:2)
  An oklob plant (Lair:2)
  13 steelbarb worms
  33 deep elf zephyrmancers
  10 necromancers
  3 iron dragon zombies
  24 deep elf pyromancers
  28 fauns
  12 mana vipers
  A sphinx simulacrum (Depths:2)
  An anaconda skeleton (Hell)
  20 manticores
  2 spectral ettins (Tar:3)
  A jorogumo skeleton (Crypt:2)
  14 orc sorcerers
  12 cyclopes
  5 shining eyes
  17 ugly things
  12 moths of wrath
  2 manticores (shapeshifter)
  4 will-o-the-wisps
  22 salamanders
  A spectral centaur (Tar:1)
  17 wolf spiders
  16 elephants
  A human skeleton (Tomb:3)
  An iron dragon skeleton (Depths:2)
  9 merfolk sirens
  7 guardian serpents
  A rust devil (Hell)
  50 black mambas
  23 naga magi
  An eye of devastation (Slime:5)
  4 ice statues (D:11)
  25 smoke demons
  A stone giant skeleton (Pan)
  14 vault sentinels
  4 titan simulacra
  13 torpor snails
  2 apocalypse crabs
  13 molten gargoyles
  25 orange demons
  9 water nymphs
  11 cane toads
  2 kobold demonologists (D:12)
  Jeremiah (D:6)
  44 yaktaurs
  29 hellions
  5 rime drakes
  6 unseen horrors
  2 gargoyles
  Maggie (D:6)
  A sea snake zombie (Hell)
  8 freezing wraiths
  3 anaconda simulacra (Coc:7)
  14 efreet
  6 komodo dragons
  6 ancient zymes
  3 ice devils
  17 tormentors
  3 bunyip simulacra
  2 hydra zombies (Hell)
  A yaktaur (shapeshifter) (Zig:18)
  A spectral harpy (Tar:3)
  66 guardian mummies
  2 iron giant simulacra
  4 tengu conjurers
  2 rime drakes (shapeshifter)
  2 golden dragon simulacra
  8 red devils
  5 sea snake skeletons
  A queen bee (shapeshifter) (Depths:2)
  A minotaur skeleton (Pan)
  44 merfolk
  10 wind drakes
  3 polar bears
  6 hellwings (Pan)
  A polar bear (shapeshifter) (Vaults:5)
  A bloated husk (Zig:23)
  A merfolk (shapeshifter) (Zig:19)
  A shadow dragon simulacrum (Depths:2)
  12 tarantellas
  9 hornets
  8 meliai
  39 saltlings (Desolation)
  2 wind drakes (shapeshifter)
  A tyrant leech (Zig:23)
  A mana viper skeleton (Crypt:2)
  A queen bee (D:14)
  19 trolls
  39 blink frogs
  10 dream sheep
  2 ettin zombies
  4 harpy skeletons (Pan)
  3 iron dragon simulacra
  4 stone giant simulacra
  8 snapping turtles
  14 raiju
  2 spriggan zombies (D:15)
  A hydra skeleton (Hell)
  A centaur simulacrum (D:14)
  4 culicivoras
  11 jumping spiders
  9 shadows
  81 flying skulls
  58 yaks
  17 water elementals
  7 dire elephant simulacra
  8 spriggans
  5 air elementals
  71 slime creatures
  9 vampires
  33 ynoxinuls
  An elf skeleton (Vaults:1)
  13 wraiths
  4 ettin skeletons
  A fire dragon skeleton (Pan)
  29 ushabtiu
  5 wyverns
  32 neqoxecs
  Eustachio (D:6)
  3 fire bats (Gauntlet)
  An alligator snapping turtle simulacrum (Coc:2)
  8 basilisks
  28 starcursed masses
  4 hogs (D:15)
  A human (D:14)
  12 golden eyes
  4 fire elementals
  3 steam dragons
  15 redbacks
  18 vampire mosquitoes
  14 chaos spawn
  A redback (shapeshifter) (D:14)
  A yaktaur simulacrum (Vaults:3)
  3 glowing shapeshifter zombies
  8 harpy simulacra
  46 nagas
  9 wargs
  A swamp worm (shapeshifter) (Zig:10)
  2 naga skeletons (Pan)
  An acid dragon (D:9)
  13 water moccasins
  2 floating eyes
  A hell hound (Gauntlet)
  2 glowing shapeshifter skeletons
  A hydra simulacrum (Coc:1)
  17 small abominations
  6 black bears
  2 sky beasts
  A black bear (shapeshifter) (Elf:1)
  13 ice beasts
  5 ettin simulacra
  45 orc warriors
  37 ogres
  14 wolves (Lair:3)
  5 boggarts
  4 centaurs
  2 phantoms
  5 kobold brigands
  A human zombie (Vaults:3)
  2 gnoll sergeants
  Blork the orc (D:6)
  10 bullfrogs
  A rime drake skeleton (Crypt:1)
  4 necrophages (Crypt:3)
  An earth elemental (Elf:1)
  2 naga simulacra
  A water moccasin zombie (Ossuary)
  4 wights (D:8)
  4 scorpions
  A polar bear zombie (Crypt:1)
  A human simulacrum (Vaults:3)
  49 killer bees
  A raiju skeleton (Crypt:1)
  3 electric eels
  A polar bear skeleton (Crypt:2)
  A crimson imp (D:7)
  A quasit (Abyss:2)
  8 jellies
  17 orc priests
  2 gnoll boudas (Zig:25)
  6 hounds
  3 centaur skeletons
  Jessica (D:3)
  2 sleepcaps (D:5)
  17 orc wizards
  2 iguanas
  6 hell rats (Hell)
  2 tengu zombies
  A tengu skeleton (Crypt:1)
  39 mummies
  Robin (D:3)
  18 gnolls
  8 adders
  A shadow imp (Pan)
  5 white imps
  4 ufetubi
  7 adder zombies (Ossuary)
  2 worms
  2 dart slugs (D:1)
  52 orcs
  10 ball pythons
  4 bats
  10 endoplasms
  4 giant cockroaches
  7 gnoll zombies
  22 goblins
  8 hobgoblins
  12 jackals
  25 kobolds
  2 quokkas
  6 frilled lizards
  A gnoll skeleton (Crypt:1)
  4 hobgoblin zombies (Ossuary)
  5 kobold zombies (Ossuary)
  4 orc zombies (Ossuary)
  A quokka skeleton (Crypt:2)
  6 rats
  A spectral goblin (D:6)
  6 creeping infernos
  2 fire vortices
  A lurking horror (Abyss:3)
  7 starspawn tentacles
  3 tentacles (Shoals:3)
4587 creatures vanquished.

Vanquished Creatures (collateral kills)
  Dispater (Dis:7)
  A royal mummy (Crypt:3)
  A golden dragon (Zig:20)
  2 tentacled monstrosities (Vaults:5)
  A sphinx (Vaults:5)
  An Executioner (Pan)
  A thorn hunter (Zig:20)
  A demonspawn warmonger (Pan)
  3 vault wardens
  A cacodemon (Pan)
  A stone giant (Depths:1)
  2 very ugly things
  An ophan (Pan)
  A demonspawn black sun (Pan)
  A yellow draconian (Depths:4)
  A green death (Zig:23)
  2 ettins
  A jiangshi (Crypt:1)
  An ice dragon (Depths:4)
  An Orb Guardian skeleton (Crypt:2)
  A naga warrior (Zig:15)
  3 death scarabs (Tomb:3)
  A soul eater (Pan)
  2 deep trolls (Vaults:2)
  An arcanist (Vaults:4)
  A harpy (Vaults:3)
  A deep elf zephyrmancer (Elf:3)
  A shining eye (Zig:22)
  A fire giant skeleton (Depths:2)
  A smoke demon (Zig:22)
  2 orange demons (Pan)
  A tyrant leech (Zig:23)
  A hellwing (Pan)
  A raiju (Zig:22)
  2 flying skulls
  A ynoxinul (Pan)
  A chaos spawn (WizLab)
  2 starcursed masses (Zig:22)
  16 mummies
  A foxfire (D:3)
66 creatures vanquished.

Vanquished Creatures (others)
  A shard shrike (Coc:6)
  A tentacled monstrosity (Zig:23)
  An eldritch tentacle (Pan)
  A fire giant (Geh:4)
  A hydra (Zig:23)
  A cherub (Pan)
  A bog body (Zig:23)
  A naga mage (Snake:1)
  A stone giant simulacrum (Coc:2)
  A naga (Snake:1)
  3 ball lightnings (Pan)
  2 creeping infernos
  1078 fire vortices
  1149 foxfires
  4 starspawn tentacles
  A tentacle (Shoals:3)
2247 creatures vanquished.

Grand Total: 6900 creatures vanquished

Notes
Turn   | Place    | Note
-------+----------+-------------------------------------------
     0 | D:1      | Flugkiller the Deep Elf Fire Elementalist began the quest
                  | for the Orb.
     0 | D:1      | Reached XP level 1. HP: 10/10 MP: 6/6
   165 | D:1      | Reached XP level 2. HP: 15/15 MP: 5/8
   505 | D:1      | Reached XP level 3. HP: 19/19 MP: 4/9
   520 | D:1      | Learned a level 2 spell: Scorch
  1339 | D:2      | Reached XP level 4. HP: 24/24 MP: 8/11
  1886 | D:2      | Found a faded altar of an unknown god.
  2126 | D:2      | Reached skill level 4 in Spellcasting
  2229 | D:2      | Reached XP level 5. HP: 28/28 MP: 10/13
  2347 | D:3      | Noticed Jessica
  2351 | D:3      | Killed Jessica
  2391 | D:3      | Found a transporter.
  2391 | D:3      | Found a transporter.
  2502 | D:3      | Reached skill level 5 in Fire Magic
  2729 | D:3      | Noticed Robin
  2735 | D:3      | Killed Robin
  3278 | D:4      | Found a sand-covered staircase.
  3288 | Ossuary  | Entered an ossuary
  3334 | Ossuary  | Reached XP level 6. HP: 27/32 MP: 0/14
  4522 | D:4      | Reached skill level 5 in Spellcasting
  4522 | D:4      | Reached skill level 5 in Conjurations
  4576 | D:4      | Reached XP level 7. HP: 34/36 MP: 9/16
  4674 | D:4      | Found Ufrany's CLEARANCE SALE!.
  5278 | D:5      | Entered Level 5 of the Dungeon
  5981 | D:5      | Found a hide-covered altar of Uskayaw.
  6103 | D:5      | Found a staircase to the Ecumenical Temple.
  6110 | Temple   | Entered the Ecumenical Temple
  6120 | Temple   | Became a worshipper of Vehumet
  6310 | D:5      | Found Xudufep's Armour Shop.
  6734 | D:6      | Noticed Jeremiah
  6791 | D:5      | Learned a level 3 spell: Inner Flame
  6796 | D:5      | Learned a level 4 spell: Flame Wave
  6843 | D:6      | Noticed Eustachio
  6848 | D:6      | Killed Eustachio
  6849 | D:6      | Reached skill level 6 in Spellcasting
  6849 | D:6      | Reached XP level 8. HP: 41/41 MP: 6/19
  6970 | D:6      | Noticed Blork the orc
  6977 | D:6      | Killed Blork the orc
  7054 | D:6      | Found an iron altar of Okawaru.
  7310 | D:6      | Found a hazy altar of Hepliaklqana.
  7310 | D:6      | Noticed Maggie
  7334 | D:6      | Killed Maggie
  7335 | D:6      | Reached skill level 7 in Spellcasting
  7571 | D:6      | Found a transporter.
  7594 | D:6      | Found a transporter.
  7705 | D:6      | Reached * piety under Vehumet
  7705 | D:6      | Offered knowledge of Sandblast by Vehumet.
  7725 | D:6      | Noticed a hell hog
  7725 | D:6      | Noticed DEFE's ghost (amateur DsFi)
  7857 | D:6      | Reached XP level 9. HP: 45/45 MP: 14/22
  8192 | D:6      | Killed Jeremiah
  8605 | D:6      | Gained mutation: A frigid envelope surrounds you and
                  | freezes all who hurt you. [potion of mutation]
  8781 | D:7      | Found a flagged portal.
  8811 | Bailey   | Entered a bailey
  8855 | Bailey   | Reached skill level 8 in Spellcasting
  9230 | Bailey   | Noticed an orc knight
  9236 | Bailey   | Killed an orc knight
  9658 | D:7      | Reached skill level 5 in Dodging
  9863 | D:7      | Offered knowledge of Shock by Vehumet.
  9892 | D:7      | Reached ** piety under Vehumet
 10449 | D:8      | Noticed a two-headed ogre
 10497 | D:8      | Reached XP level 10. HP: 32/56 MP: 12/24
 10674 | D:8      | Killed a two-headed ogre
 10675 | D:8      | Reached skill level 10 in Fire Magic
 10675 | D:8      | Reached skill level 1 in Evocations
 10781 | D:8      | Found a large runed translucent door.
 10782 | D:8      | Found a large runed translucent door.
 10850 | D:8      | Noticed Vorhees's ghost (novice DjDe)
 11329 | D:8      | Noticed a two-headed ogre
 11636 | D:8      | Killed a two-headed ogre
 11637 | D:8      | Reached skill level 10 in Conjurations
 12386 | D:9      | Offered knowledge of Hailstorm by Vehumet.
 12461 | D:9      | Found a staircase to the Orcish Mines.
 12536 | D:9      | Noticed a death yak
 12621 | D:9      | Noticed a death yak
 12621 | D:9      | Noticed a death yak
 12843 | D:9      | Found a staircase to the Lair.
 12980 | D:9      | Found a white marble altar of Elyvilon.
 12980 | D:9      | Found a glowing silver altar of Zin.
 12980 | D:9      | Found a glowing golden altar of the Shining One.
 13001 | D:10     | Entered Level 10 of the Dungeon
 13134 | D:10     | Found a runed translucent gate.
 13135 | D:10     | Found a runed translucent gate.
 13136 | D:10     | Found a runed translucent gate.
 13137 | D:10     | Noticed Syrassil's ghost (journeyman MiGl)
 13146 | D:10     | Found a viscous altar of Jiyva.
 13177 | D:10     | Reached *** piety under Vehumet
 13179 | D:10     | Reached XP level 11. HP: 55/61 MP: 21/25
 13728 | D:10     | Learned a level 6 spell: Starburst
 13734 | D:10     | Learned a level 5 spell: Irradiate
 13759 | D:11     | Identified the ring "Buahiatyv" {rF+ rN+}
 13950 | D:11     | Reached skill level 1 in Transmutations
 14156 | D:11     | Offered knowledge of Frozen Ramparts by Vehumet.
 14237 | D:11     | Noticed an ice dragon
 14252 | D:11     | Noticed an ice dragon
 14276 | D:11     | Noticed a two-headed ogre
 14279 | D:11     | Killed a two-headed ogre
 14292 | D:11     | Killed an ice dragon
 14476 | D:11     | Reached skill level 9 in Spellcasting
 14578 | D:11     | Reached **** piety under Vehumet
 14681 | D:11     | Offered knowledge of Fulminant Prism by Vehumet.
 15339 | D:11     | Identified the +10 orcbow of Joyful Slaughter {speed, rElec
                  | rF+ Int+3 SInv}
 15560 | D:10     | Reached XP level 12. HP: 66/66 MP: 13/27
 15565 | D:10     | Killed Syrassil's ghost
 15635 | D:9      | Noticed a death yak
 15635 | D:9      | Noticed a death yak
 15635 | D:9      | Noticed a death yak
 15637 | D:9      | Killed a death yak
 15637 | D:9      | Killed a death yak
 15847 | D:9      | Killed a death yak
 15886 | D:9      | Killed a death yak
 15897 | D:9      | Killed a death yak
 15898 | D:9      | Reached skill level 10 in Spellcasting
 15977 | D:9      | Killed a death yak
 16134 | D:9      | Found a white marble altar of Elyvilon.
 16134 | D:9      | Found a glowing silver altar of Zin.
 16134 | D:9      | Found a glowing golden altar of the Shining One.
 16196 | D:9      | Found a staircase to the Lair.
 16249 | D:9      | Found a staircase to the Orcish Mines.
 16534 | D:9      | Found a staircase to the Lair.
 16780 | D:9      | Found a white marble altar of Elyvilon.
 16780 | D:9      | Found a glowing silver altar of Zin.
 16780 | D:9      | Found a glowing golden altar of the Shining One.
 16847 | Lair:1   | Entered Level 1 of the Lair of Beasts
 16935 | Lair:1   | Found a large runed translucent door.
 16935 | Lair:1   | Found a large runed translucent door.
 16936 | Lair:1   | Noticed lastchild's ghost (journeyman OpSh)
 17507 | D:5      | Bought a +0 cloak for 58 gold pieces
 18084 | Lair:2   | Noticed an eight-headed hydra
 18087 | Lair:2   | Killed an eight-headed hydra
 18143 | Lair:2   | Found a gate leading to a gauntlet.
 18153 | Gauntlet | Entered a Gauntlet
 18153 | Gauntlet | Found a large runed translucent door.
 18153 | Gauntlet | Found a large runed translucent door.
 18153 | Gauntlet | Found a large runed translucent door.
 18153 | Gauntlet | Found a large runed translucent door.
 18153 | Gauntlet | Found a runed translucent door.
 18153 | Gauntlet | Found a large runed translucent door.
 18153 | Gauntlet | Found a large runed translucent door.
 18153 | Gauntlet | Found a transporter.
 18153 | Gauntlet | Found a transporter.
 18153 | Gauntlet | Found a large runed translucent door.
 18153 | Gauntlet | Found a large runed translucent door.
 18153 | Gauntlet | Found a runed translucent gate.
 18153 | Gauntlet | Found a runed translucent gate.
 18153 | Gauntlet | Found a transporter.
 18153 | Gauntlet | Found a transporter.
 18157 | Gauntlet | Found a transporter.
 18157 | Gauntlet | Found a transporter.
 18171 | Gauntlet | Found a transporter.
 18172 | Gauntlet | Found a transporter.
 18181 | Gauntlet | Found a transporter.
 18255 | Gauntlet | Found a runed translucent door.
 18256 | Gauntlet | Found a large runed translucent door.
 18256 | Gauntlet | Found a large runed translucent door.
 18256 | Gauntlet | Found a large runed translucent door.
 18256 | Gauntlet | Found a large runed translucent door.
 18257 | Gauntlet | Found a large runed translucent door.
 18257 | Gauntlet | Found a large runed translucent door.
 18258 | Gauntlet | Found a large runed translucent door.
 18258 | Gauntlet | Found a large runed translucent door.
 18267 | Gauntlet | Found a runed translucent gate.
 18283 | Gauntlet | Found a transporter.
 18287 | Gauntlet | Found a transporter.
 18299 | Gauntlet | Found a transporter.
 18371 | Gauntlet | Reached skill level 5 in Fighting
 18514 | Gauntlet | Identified the +1 pair of boots "Iviess" {rF+ Int+2}
 18595 | Gauntlet | Identified the ring of Winter {Drain rElec rF+ Str+2}
 18666 | Gauntlet | Identified the +1 short sword of Exquisite Torment {flame,
                  | rElec rF- Int+7 Stlth+}
 18666 | Gauntlet | Noticed a minotaur
 18681 | Gauntlet | Killed a minotaur
 18682 | Gauntlet | Reached XP level 13. HP: 73/73 MP: 17/29
 18708 | Gauntlet | Identified a scroll of acquirement
 18709 | Gauntlet | Acquired a book of Annihilations
 19110 | Lair:2   | Found a staircase to the Snake Pit.
 19655 | Lair:3   | Found a staircase to the Shoals.
 19666 | Lair:3   | Reached skill level 10 in Dodging
 19702 | Lair:3   | Reached ***** piety under Vehumet
 19866 | Lair:3   | Offered knowledge of Brom's Barrelling Boulder by Vehumet.
 21118 | Lair:5   | Entered Level 5 of the Lair of Beasts
 21122 | Lair:5   | Reached skill level 10 in Fighting
 21122 | Lair:5   | Reached XP level 14. HP: 88/88 MP: 28/30
 21186 | Lair:5   | Found a hazy altar of Hepliaklqana.
 21243 | Lair:5   | Identified the +1 leather armour of Boredom {rPois Str+3
                  | Stlth+}
 21338 | Lair:5   | Found a staircase to the Slime Pits.
 21456 | Lair:5   | Reached skill level 11 in Spellcasting
 21472 | Lair:5   | Reached skill level 15 in Fire Magic
 21477 | Lair:5   | Offered knowledge of Orb of Destruction by Vehumet.
 21533 | Lair:5   | Identified the +1 flail of Inference {spect, Str+3}
 21586 | Lair:5   | Learned a level 7 spell: Orb of Destruction
 21973 | Lair:5   | Identified the ring "Geag" {Ice Will+ Str-2 Int+3}
 22164 | Lair:5   | Found a one-way gate to the infinite horrors of the Abyss.
 22187 | Lair:5   | Reached skill level 15 in Conjurations
 22493 | Lair:5   | Found a corrupted altar of Lugonu.
 23117 | D:12     | You fall into a shaft and drop 3 floors!
 23117 | D:15     | Entered Level 15 of the Dungeon
 23227 | D:15     | Noticed Kirke
 23392 | D:15     | Reached skill level 12 in Spellcasting
 23589 | D:15     | Found a staircase to the Depths.
 23777 | D:12     | Reached XP level 15. HP: 92/92 MP: 25/33
 24103 | D:12     | Reached ****** piety under Vehumet
 24389 | Lair:5   | Learned a level 2 spell: Passwall
 25286 | D:13     | Reached XP level 16. HP: 97/97 MP: 23/34
 25759 | D:13     | Identified the +1 cloak of Resourcefulness {rElec Str+2}
 26050 | D:14     | Noticed Agnes
 26056 | D:14     | Killed Agnes
 26456 | D:14     | Offered knowledge of Fireball by Vehumet.
 26618 | D:14     | Noticed Snorg
 26621 | D:14     | Killed Snorg
 26741 | D:14     | Noticed Jorgrun
 26795 | D:14     | Killed Jorgrun
 27270 | D:14     | Found a gate to the Vaults.
 27573 | D:14     | Learned a level 8 spell: Ignition
 27754 | D:14     | Found the +9 sword of Power {lifebolt}
 28601 | D:15     | Killed Kirke
 28868 | Orc:1    | Entered Level 1 of the Orcish Mines
 28868 | Orc:1    | Noticed Urug
 28868 | Orc:1    | Noticed Harold
 28878 | Orc:1    | Killed Urug
 28879 | Orc:1    | Killed Harold
 28879 | Orc:1    | Offered knowledge of Ozocubu's Refrigeration by Vehumet.
 29086 | Orc:2    | Entered Level 2 of the Orcish Mines
 29237 | Orc:2    | Reached XP level 17. HP: 102/102 MP: 35/35
 29266 | Orc:2    | Found Igofooc's Magic Scroll Emporium.
 29381 | Orc:2    | Found Cureh's Antique Weapon Shoppe.
 29396 | Orc:2    | Noticed Donald
 29399 | Orc:2    | Killed Donald
 29425 | Orc:2    | Found Zofoix's Armour Shoppe.
 29429 | Orc:2    | Found Hugribun's Assorted Antiques.
 29444 | Orc:2    | Bought a potion of haste for 350 gold pieces
 29449 | Orc:2    | Bought a scroll of acquirement for 832 gold pieces
 29547 | Orc:2    | Acquired 1037 gold pieces
 29774 | Orc:2    | Found a staircase to the Elven Halls.
 29998 | Snake:1  | Entered Level 1 of the Snake Pit
 30315 | Snake:1  | Offered knowledge of Iskenderun's Battlesphere by Vehumet.
 30358 | Snake:1  | Found Xymiefuff's Distillery.
 30361 | Snake:1  | Found Poniunto's Weapon Boutique.
 30363 | Snake:1  | Found Hyenisun's General Store.
 30367 | Snake:1  | Bought a potion of haste for 150 gold pieces
 30409 | Snake:1  | Reached skill level 13 in Spellcasting
 30420 | Snake:1  | Bought a scroll of acquirement for 884 gold pieces
 30420 | Snake:1  | Acquired 1125 gold pieces
 30534 | Snake:1  | Identified the +0 chain mail "Utuych" {rElec Str+2 Int-4}
 30736 | Snake:1  | Noticed Nikola
 30740 | Snake:1  | Killed Nikola
 31310 | Snake:2  | Found Zaetufaa's General Store.
 31310 | Snake:2  | Found Oskoatav's Weapon Emporium.
 31337 | Snake:2  | Bought the +0 leather armour of Fortification {Harm rF+}
                  | for 240 gold pieces
 31337 | Snake:2  | Bought a potion of heal wounds for 75 gold pieces
 31337 | Snake:2  | Bought a scroll of teleportation for 45 gold pieces
 31559 | Snake:2  | Learned a level 9 spell: Fire Storm
 31919 | Snake:2  | Acquired 391 gold pieces
 32241 | Snake:3  | Noticed Vashnia
 32481 | Snake:3  | Identified the +1 rapier "Gueri" {antimagic, Stlth+}
 32587 | Snake:3  | Offered knowledge of Yara's Violent Unravelling by Vehumet.
 32776 | Snake:3  | Killed Vashnia
 32777 | Snake:3  | Reached XP level 18. HP: 61/107 MP: 37/37
 33059 | Snake:3  | Noticed Aizul
 33071 | Snake:3  | Killed Aizul
 33534 | Snake:4  | Entered Level 4 of the Snake Pit
 34488 | Snake:4  | Offered knowledge of Conjure Ball Lightning by Vehumet.
 34506 | Snake:4  | Found a runed translucent gate.
 34507 | Snake:4  | Found a runed translucent gate.
 34508 | Snake:4  | Found a runed translucent gate.
 34509 | Snake:4  | Found an opulent altar of Gozag.
 34512 | Snake:4  | Found Micud's Assorted Antiques.
 34512 | Snake:4  | Noticed Wammyab's ghost (adept DsNe)
 35130 | Snake:4  | Got a serpentine rune of Zot
 35364 | Shoals:1 | Entered Level 1 of the Shoals
 35967 | Shoals:1 | Reached skill level 14 in Spellcasting
 36862 | Shoals:2 | Identified the +4 spear "Zotibbut" {heavy, *Corrode Will+
                  | SInv}
 36965 | Shoals:2 | Identified the ring of Paranoia {*Corrode rPois Will+
                  | Dex+6}
 37008 | Shoals:2 | Noticed Ilsuiw
 37011 | Shoals:2 | Reached XP level 19. HP: 112/112 MP: 33/39
 37025 | Shoals:2 | Killed Ilsuiw
 37028 | Shoals:2 | Offered knowledge of Lehudib's Crystal Spear by Vehumet.
 37028 | Shoals:2 | Offered knowledge of Polar Vortex by Vehumet.
 37825 | Shoals:3 | Reached skill level 15 in Spellcasting
 38567 | Shoals:4 | Identified the "Lilukos"
 38567 | Shoals:4 | Entered Level 4 of the Shoals
 38576 | Shoals:4 | Noticed Mlioglotl
 38585 | Shoals:3 | Killed Mlioglotl
 39568 | Shoals:4 | Identified the +7 great mace of the Wizarding Gods {vamp,
                  | rPois rC- Dex+6 Stlth+}
 39596 | Shoals:4 | HP: 3/112 [frost giant/bolt of cold (32)]
 39848 | Shoals:4 | Reached skill level 16 in Spellcasting
 40706 | Shoals:4 | Got a barnacled rune of Zot
 41301 | Desolati | Identified the "Suwaamem"
 41301 | Desolati | Identified the "Veheikaj"
 41301 | Desolati | Identified the of Fitim
 41301 | Desolati | Identified the "Zaptos"
 41301 | Crypt:2  | Identified the of Guwkaisch
 41301 | Depths:2 | Identified the "Syn Pawn"
 41301 | WizLab   | Identified the "Acacysaj"
 41301 | Elf:1    | Entered Level 1 of the Elven Halls
 41618 | Elf:1    | Reached skill level 17 in Spellcasting
 42455 | Elf:1    | Reached XP level 20. HP: 117/117 MP: 27/43
 42871 | Elf:3    | Identified the of Lackeq
 42871 | Elf:3    | Entered Level 3 of the Elven Halls
 43634 | Elf:2    | Found Lioggo's Jewellery Shop.
 43634 | Elf:2    | Found Face's Book Shoppe.
 43635 | Elf:2    | Found Hewaemi's Book Shoppe.
 43729 | Elf:2    | Found a runed translucent gate.
 43730 | Elf:2    | Found a runed translucent gate.
 43730 | Elf:2    | Found a runed translucent gate.
 44079 | Elf:3    | Identified the +7 glaive "Xeetamp" {drain, Str+3}
 44079 | Elf:3    | Identified the ring "Turox" {rF+ rC+ Str+3 Int+6}
 44084 | Elf:3    | Reached skill level 18 in Spellcasting
 44378 | Elf:3    | Identified the ring of Ethares {+Blink rF+ SInv}
 44436 | Elf:3    | Identified the +4 scale mail of Pessur {Str+4}
 44593 | Elf:3    | Identified the staff of Joyful Slaughter {rPois rN+ Necro}
 44610 | Elf:3    | Identified the +2 pair of boots of the Planets {+Blink rF+
                  | Regen+}
 44683 | Elf:3    | Identified the +0 ring mail of Inviolability {rF- rC+++
                  | rN+++ SInv}
 44712 | Elf:3    | Found the +18 Lear's hauberk
 45415 | Slime:1  | Entered Level 1 of the Pits of Slime
 45580 | Slime:5  | Identified the of Saekeer
 45580 | Slime:5  | Entered Level 5 of the Pits of Slime
 45909 | Slime:5  | Gained mutation: You are vulnerable to heat. (rF-) [a
                  | shining eye]
 45922 | Slime:5  | Gained mutation: Your body sometimes deteriorates upon
                  | taking damage. [a shining eye]
 45924 | Slime:5  | Reached skill level 19 in Spellcasting
 45957 | Slime:5  | Found a viscous altar of Jiyva.
 46010 | Slime:5  | Found the +9 staff of Olgreb {rPois∞}
 46263 | Slime:5  | Noticed the Royal Jelly
 46281 | Slime:5  | Killed the Royal Jelly
 46536 | Slime:5  | Got a slimy rune of Zot
 46550 | Slime:5  | Identified the +3 war axe "Weots" {drain, Fly rN+ Dex+2}
 46593 | Slime:5  | Identified the ring "Gyajung" {rC+ rN+ EV+5 Int-4}
 46631 | Slime:5  | Identified the +8 battleaxe of Frustration {elec, Fly Will+
                  | SInv}
 46704 | Slime:5  | Reached XP level 21. HP: 86/122 MP: 27/46
 47348 | D:1      | Lost mutation: Your body sometimes deteriorates upon taking
                  | damage. [potion of mutation]
 47348 | D:1      | Lost mutation: A frigid envelope surrounds you and freezes
                  | all who hurt you. [potion of mutation]
 47348 | D:1      | Gained mutation: You possess an exceptional clarity of
                  | mind. [potion of mutation]
 47348 | D:1      | Gained mutation: You occasionally lose the ability to read
                  | scrolls when taking damage. [potion of mutation]
 47348 | D:1      | Gained mutation: You are covered in fur. (AC +1) [potion of
                  | mutation]
 47378 | D:1      | Lost mutation: You occasionally lose the ability to read
                  | scrolls when taking damage. [potion of mutation]
 47378 | D:1      | Lost mutation: You are vulnerable to heat. (rF-) [potion of
                  | mutation]
 47378 | D:1      | Lost mutation: You are covered in fur. (AC +1) [potion of
                  | mutation]
 47378 | D:1      | Gained mutation: Your flesh is heat resistant. (rF+)
                  | [potion of mutation]
 47594 | Vaults:1 | Entered Level 1 of the Vaults
 47819 | Vaults:1 | Reached skill level 1 in Armour
 47994 | Vaults:1 | Reached skill level 5 in Evocations
 48487 | Vaults:1 | Identified the +4 spear of Myass {flame, rElec rCorr
                  | Stlth-}
 49112 | Vaults:2 | Noticed Boris
 49115 | Vaults:2 | Killed Boris
 49982 | Vaults:2 | Found a staircase to the Crypt.
 50387 | Vaults:3 | Reached skill level 5 in Armour
 50418 | Vaults:3 | Reached XP level 22. HP: 121/130 MP: 33/47
 50846 | Vaults:3 | Found Hinac's Weapon Emporium.
 51628 | Vaults:4 | Found a glowing golden altar of the Shining One.
 51628 | Vaults:4 | Found a white marble altar of Elyvilon.
 51628 | Vaults:4 | Found a crumbling gateway.
 51637 | Vaults:4 | Identified the +6 great sword of Ytoidew {pain, rF+ rN+}
 51660 | Vaults:4 | Found a glowing silver altar of Zin.
 51713 | Desolati | Entered the Desolation of Salt
 51866 | Desolati | Identified the +5 plate armour of Unreason {Will+ rCorr
                  | Dex+5}
 51939 | Desolati | Identified the ring of Pet Kazxel {Drain Fly rPois Will+
                  | Str+6}
 51951 | Desolati | Identified the +4 whip "Ineus" {flame, rC+ rN+ Int+3}
 52665 | Vaults:4 | Noticed an ancient lich
 52668 | Vaults:4 | Killed an ancient lich
 52704 | Vaults:4 | Reached skill level 15 in Dodging
 53170 | Vaults:4 | Found Icoxt's General Store.
 53180 | Vaults:4 | Bought a scroll of butterflies for 56 gold pieces
 53601 | Vaults:5 | Entered Level 5 of the Vaults
 53601 | Vaults:5 | Noticed a dread lich
 53603 | Vaults:5 | Reached XP level 23. HP: 140/140 MP: 48/48
 53711 | Vaults:5 | Killed a dread lich
 53850 | Vaults:5 | Noticed Bai Suzhen
 53850 | Vaults:5 | Noticed a dread lich
 53853 | Vaults:5 | Killed Bai Suzhen
 53853 | Vaults:5 | Killed a dread lich
 53854 | Vaults:5 | Reached skill level 10 in Armour
 54211 | Vaults:5 | Identified the +1 flail of the Establishment {heavy, rElec}
 54292 | Vaults:5 | Noticed an ancient lich
 54295 | Vaults:5 | Killed an ancient lich
 54501 | Vaults:5 | Identified the +9 hand axe of Zoicacal {drain, MP+9}
 54581 | Vaults:5 | Noticed an ancient lich
 54590 | Vaults:5 | Killed an ancient lich
 54707 | Vaults:5 | Got a silver rune of Zot
 54741 | Vaults:5 | Found Viba's Magic Scroll Emporium.
 54749 | Vaults:5 | Bought a scroll of blinking for 150 gold pieces
 54873 | Vaults:5 | Identified the staff of the Wheel {rElec rPois rF- Dex+6
                  | Stlth+ Conj}
 55339 | Vaults:5 | Found Safrol's Magic Scroll Shoppe.
 55344 | Vaults:5 | Bought a scroll of revelation for 127 gold pieces
 55344 | Vaults:5 | Bought a scroll of teleportation for 51 gold pieces
 55344 | Vaults:5 | Bought a scroll of teleportation for 51 gold pieces
 55575 | Crypt:1  | Entered Level 1 of the Crypt
 55739 | Crypt:1  | Noticed a royal mummy
 55741 | Crypt:1  | Noticed Khufu
 55743 | Crypt:1  | Killed a royal mummy
 55744 | Crypt:1  | Killed Khufu
 55745 | Crypt:1  | Reached XP level 24. HP: 125/149 MP: 15/48
 55745 | Crypt:1  | Noticed a royal mummy
 55767 | Crypt:1  | Killed a royal mummy
 57143 | Crypt:1  | Reached skill level 15 in Fighting
 57399 | Crypt:2  | Found a transporter.
 57413 | Crypt:2  | Found a transporter.
 57784 | Crypt:2  | Found a basalt altar of Yredelemnul.
 57878 | Crypt:3  | Entered Level 3 of the Crypt
 57932 | Crypt:2  | Learned a level 8 spell: Borgnjor's Revivification
 57946 | Crypt:3  | Reached skill level 1 in Necromancy
 58159 | Crypt:3  | Found an ancient bone altar of Kikubaaqudgha.
 58180 | Crypt:3  | Reached skill level 20 in Spellcasting
 58192 | Crypt:3  | Reached skill level 5 in Necromancy
 58195 | Crypt:3  | Identified the +1 robe of Dishonesty {*Corrode +Blink rC++
                  | Int+3}
 58510 | Crypt:3  | Identified the +0 pearl dragon scales "Decwyoste" {rN+
                  | Will+}
 58544 | Crypt:3  | Identified the ring of Upnir {*Corrode rElec rN+ Dex+5}
 58544 | Crypt:3  | Noticed a royal mummy
 58546 | Crypt:3  | Killed a royal mummy
 58585 | Crypt:3  | Found a staircase to the Tomb.
 58605 | Crypt:3  | Identified the +4 plate armour of the Glamorous God {MP+9
                  | Str+3 Int+2 Dex+2}
 58614 | Crypt:3  | Identified the ring "Folie" {rN+ rCorr}
 58617 | Crypt:3  | Identified the +1 cloak of Calculation {Str+6}
 58817 | Crypt:3  | Reached skill level 10 in Necromancy
 59050 | Crypt:3  | Learned a level 4 spell: Dispel Undead
 59051 | Tomb:1   | Entered Level 1 of the Tomb of the Ancients
 59177 | Tomb:1   | Noticed a royal mummy
 59177 | Tomb:1   | Noticed a royal mummy
 59177 | Tomb:1   | Noticed a royal mummy
 59180 | Tomb:1   | Killed a royal mummy
 59181 | Tomb:1   | Killed a royal mummy
 59182 | Tomb:1   | Killed a royal mummy
 59282 | Tomb:1   | Noticed a royal mummy
 59286 | Tomb:1   | Killed a royal mummy
 59561 | Tomb:3   | Entered Level 3 of the Tomb of the Ancients
 59618 | Tomb:3   | Found the sphere of Battle
 59620 | Tomb:3   | Reached XP level 25. HP: 143/152 MP: 49/49
 59636 | Tomb:3   | Noticed a royal mummy
 59638 | Tomb:3   | Killed a royal mummy
 59655 | Tomb:3   | Reached skill level 15 in Necromancy
 59658 | Tomb:3   | Killed a royal mummy
 59664 | Tomb:3   | Noticed a royal mummy
 59665 | Tomb:3   | Killed a royal mummy
 59668 | Tomb:3   | Noticed a royal mummy
 59670 | Tomb:3   | Killed a royal mummy
 59671 | Tomb:3   | Noticed a royal mummy
 59672 | Tomb:3   | Killed a royal mummy
 59673 | Tomb:3   | Killed a royal mummy
 59679 | Tomb:3   | Killed a royal mummy
 59690 | Tomb:3   | Noticed a royal mummy
 59691 | Tomb:3   | Killed a royal mummy
 59706 | Tomb:3   | Noticed a royal mummy
 59708 | Tomb:3   | Killed a royal mummy
 59971 | Tomb:3   | Identified the +5 war axe of the Mind {flame, Dex+3}
 59981 | Tomb:3   | Identified the ring "Imamip" {Will+ AC+4}
 60055 | Tomb:3   | Got a golden rune of Zot
 60112 | Tomb:3   | Identified the staff "Concordance" {rN+ Dex+5 Conj}
 60152 | Tomb:3   | Identified the staff "Tatiupha" {rPois Dex+3 Poison}
 60155 | Tomb:3   | Identified the +3 leather armour of the Ward {Dex+4}
 60169 | Tomb:3   | Identified the +10 quarterstaff "Wamail" {heavy, rElec}
 60194 | Tomb:3   | Identified the +4 broad axe of Incongruity {freeze, rF+
                  | Will+ rCorr Str+5}
 60202 | Tomb:3   | Identified the +1 plate armour of Hide-and-Seek {Int+4
                  | Dex+6}
 60323 | Tomb:1   | Noticed a royal mummy
 60327 | Tomb:1   | Killed a royal mummy
 60625 | Depths:1 | Entered Level 1 of the Depths
 60694 | Depths:1 | Identified the +0 leather armour "Vouplom" {Fly rCorr}
 60725 | Depths:1 | Found a gateway to Hell.
 61463 | Depths:2 | Identified the +4 glaive "Segagh" {drain, rN+}
 61584 | Depths:2 | Identified the +0 plate armour "Legauch" {rElec Int-4
                  | Dex+3}
 61631 | Depths:2 | Found a white marble altar of Elyvilon.
 62207 | Depths:2 | Found a one-way gate leading to the halls of Pandemonium.
 62305 | Depths:3 | Noticed Mennas
 62308 | Depths:3 | Killed Mennas
 62389 | Depths:3 | Found a transporter.
 62389 | Depths:3 | Noticed a juggernaut
 62401 | Depths:3 | Noticed Mara
 62404 | Depths:3 | Noticed a juggernaut
 62414 | Depths:3 | Noticed Flugkiller's illusion
 62479 | Depths:3 | Noticed Flugkiller's illusion
 62481 | Depths:3 | Killed Mara
 62499 | Depths:3 | Noticed Sojobo
 62511 | Depths:2 | Reached XP level 26. HP: 150/163 MP: 16/49
 62559 | Depths:3 | Killed Sojobo
 63168 | Depths:3 | Identified the +9 rapier of the Modern Curses {protect,
                  | rPois Will+}
 63196 | Depths:3 | Noticed Hacs's ghost (veteran DgCj)
 63204 | Depths:3 | Found a transporter.
 63217 | Depths:3 | Found a bloodstained altar of Trog.
 63329 | Depths:3 | Found a runed translucent door.
 63344 | Depths:3 | Found the +10 tower shield of Ignorance {rN+ Int-4}
 63373 | Depths:3 | Found a runed translucent door.
 63373 | Depths:3 | Noticed an ancient lich
 63623 | Depths:4 | Entered Level 4 of the Depths
 63672 | Depths:4 | Found a one-way gateway to a ziggurat.
 63675 | Depths:4 | Noticed Parghit
 63678 | Depths:4 | Killed Parghit
 63783 | Depths:4 | Found a bloodstained altar of Trog.
 63786 | Depths:4 | Identified the +7 dagger of the Hurtling Viper {speed, rC+
                  | Str+3}
 63806 | Depths:4 | Found a magical portal.
 63835 | WizLab   | Entered The Hall of the Hellbinder
 63858 | WizLab   | Lost mutation: You possess an exceptional clarity of mind.
                  | [a cacodemon]
 64136 | WizLab   | Found a burning altar of Makhleb.
 64205 | WizLab   | Identified the ring "Tizalyo" {Ice rElec rPois Str-5 Int-5}
 64215 | WizLab   | Identified the ring "Ciff" {Ice Drain Int+3}
 64392 | Depths:4 | Identified the ring of the Pariah {Ice rElec rCorr Dex-2
                  | SInv}
 64392 | Depths:4 | Noticed Josephina
 64393 | Depths:4 | Killed Josephina
 64556 | Depths:4 | Found a gate to the Realm of Zot.
 64637 | Depths:4 | Found a corrupted altar of Lugonu.
 65127 | Coc:7    | Identified the "Teasuz"
 65127 | Coc:7    | Identified the "Menomiott"
 65127 | Dis:7    | Identified the "Xihip"
 65127 | Geh:7    | Identified the "Vuceziku"
 65127 | Pan      | Entered the realm of Mnoleg.
 65127 | Pan      | Entered Pandemonium
 65226 | Pan      | Gained mutation: You occasionally shout uncontrollably at
                  | your foes. [a neqoxec]
 65354 | Pan      | Noticed Mnoleg
 65362 | Pan      | Killed Mnoleg
 65390 | Pan      | Gained mutation: You are clumsy. (Dex -2) [a cacodemon]
 65404 | Pan      | Got a glowing rune of Zot
 65452 | Pan      | Noticed Xinumi the pandemonium lord
 65465 | Pan      | Identified the "Ijodi"
 65572 | Pan      | Found a runed translucent door.
 65578 | Pan      | Found a runed translucent door.
 65580 | Pan      | Found a runed translucent door.
 65582 | Pan      | Noticed Naat Siu the pandemonium lord
 65586 | Pan      | Killed Naat Siu the pandemonium lord
 65610 | Pan      | Found a runed translucent door.
 65664 | Depths:2 | Escaped Pandemonium
 65666 | Pan      | Entered Pandemonium
 65761 | Pan      | Learned a level 9 spell: Chain Lightning
 65842 | Pan      | Reached skill level 1 in Air Magic
 65922 | Pan      | Reached XP level 27. HP: 142/179 MP: 21/49
 66006 | Pan      | Identified the +6 hand axe "Bitih" {heavy, Will+ Str+3}
 66094 | Pan      | Identified the "Tivuaz"
 66094 | Pan      | Identified the of Jiph
 66094 | Pan      | Entered the realm of Cerebov.
 66187 | Pan      | Found an exit through the horrors of the Abyss.
 66205 | Pan      | Identified the +1 pair of gloves of Optimism {rF+ Int+4}
 66373 | Pan      | Reached skill level 5 in Air Magic
 66550 | Pan      | Reached skill level 21 in Spellcasting
 66884 | Pan      | Identified the +2 ring mail "Serar" {Harm rElec rN++ Will-
                  | Slay+3}
 67909 | Pan      | Reached skill level 22 in Spellcasting
 68029 | Pan      | Found an exit through the horrors of the Abyss.
 68438 | Pan      | Identified the +1 dire flail of Nigugauc {pain, Dex+3
                  | Stlth+}
 68439 | Pan      | Found the +6 sword of Cerebov {flame}
 68439 | Pan      | Noticed Cerebov
 68469 | Pan      | Killed Cerebov
 68479 | Pan      | Reached skill level 10 in Air Magic
 68807 | Pan      | Identified the +9 arbalest of Miggova {speed, Str+5}
 68842 | Pan      | Identified the +6 short sword "Trog's Vengeance" {drain,
                  | Str+3}
 68884 | Pan      | Identified the +4 rapier of Rotten Purpose {spect, Int+2}
 68935 | Pan      | Got a fiery rune of Zot
 69358 | Pan      | Identified the +9 arbalest of Xoval {flame, Fragile Dex+5
                  | Stlth+}
 69788 | Pan      | Found an exit through the horrors of the Abyss.
 69889 | Pan      | Noticed Aprea the pandemonium lord
 69892 | Pan      | Killed Aprea the pandemonium lord
 70106 | Pan      | Identified the +0 robe "Etwuha" {Str+4 Int+2}
 70115 | Pan      | Entered the realm of Gloorx Vloq.
 70159 | Pan      | Reached skill level 15 in Air Magic
 70359 | Pan      | Found an exit through the horrors of the Abyss.
 71324 | Pan      | Noticed Gloorx Vloq
 71332 | Pan      | Killed Gloorx Vloq
 71451 | Pan      | Got a dark rune of Zot
 71633 | Pan      | Noticed Qeuleine the pandemonium lord
 71640 | Pan      | Killed Qeuleine the pandemonium lord
 71814 | Pan      | Entered the realm of Lom Lobon.
 71982 | Pan      | Noticed Lom Lobon
 71987 | Pan      | Killed Lom Lobon
 72000 | Pan      | Got a magical rune of Zot
 72241 | Pan      | Found an exit through the horrors of the Abyss.
 72542 | Pan      | Noticed Gutume the pandemonium lord
 72546 | Pan      | Killed Gutume the pandemonium lord
 72715 | Pan      | Found an exit through the horrors of the Abyss.
 72733 | Pan      | Noticed Nodoptoq the pandemonium lord
 72737 | Pan      | Killed Nodoptoq the pandemonium lord
 73046 | Pan      | Identified the +9 tower shield of Jolif {-Tele Rampage
                  | rPois rC+++}
 73444 | Pan      | Found a glowing golden altar of the Shining One.
 73449 | Pan      | Noticed a seraph
 73453 | Pan      | Killed a seraph
 73473 | Pan      | Got a demonic rune of Zot
 73477 | Pan      | Identified the +3 long sword of Havoc {holy, Int+3}
 73544 | Depths:2 | Escaped Pandemonium
 73644 | Depths:3 | Voluntarily entered the Abyss.
 73644 | Abyss:1  | Found a corrupted altar of Lugonu.
 74058 | Depths:3 | Escaped the Abyss
 74215 | Depths:3 | Voluntarily entered the Abyss.
 74224 | Abyss:3  | Found a corrupted altar of Lugonu.
 74279 | Abyss:3  | Got an abyssal rune of Zot
 74464 | Depths:3 | Escaped the Abyss
 74550 | Hell     | Entered the Vestibule of Hell
 74551 | Hell     | Noticed Geryon
 74557 | Hell     | Killed Geryon
 75021 | Vaults:1 | Learned a level 9 spell: Shatter
 75199 | Depths:4 | Reached skill level 1 in Earth Magic
 75207 | Zig:1    | Entered Level 1 of a ziggurat
 75207 | Zig:1    | Noticed Ixtoeqew the pandemonium lord
 75210 | Zig:1    | Killed Ixtoeqew the pandemonium lord
 75242 | Zig:2    | Entered Level 2 of a ziggurat
 75298 | Zig:2    | Identified the ring "Leikofre" {Ice rElec Will+++ Slay+6
                  | Stlth-}
 75311 | Zig:3    | Entered Level 3 of a ziggurat
 75334 | Zig:4    | Entered Level 4 of a ziggurat
 75336 | Zig:4    | Noticed a dread lich
 75338 | Zig:4    | Killed a dread lich
 75339 | Zig:4    | Reached skill level 5 in Earth Magic
 75368 | Zig:5    | Entered Level 5 of a ziggurat
 75414 | Zig:6    | Entered Level 6 of a ziggurat
 75421 | Zig:6    | Found the +3 greatsling "Punk" {acid, rCorr}
 75435 | Zig:6    | Acquired 671 gold pieces
 75438 | Zig:6    | Identified the +4 scale mail of a wizard's laboratory
                  | {+Inv}
 75452 | Zig:7    | Entered Level 7 of a ziggurat
 75474 | Zig:7    | Identified the +10 arbalest of Lust {antimagic, Will+ Str+7
                  | Stlth-}
 75478 | Zig:7    | Identified the ring of Asceticism {Str+2 Int+4 SInv}
 75495 | Zig:8    | Entered Level 8 of a ziggurat
 75562 | Zig:8    | Identified the +1 great sword of Valiance {heavy, *Rage
                  | rPois rN+ Will+}
 75565 | Zig:8    | Identified the +11 spear "Rurphoph" {freeze, rC- Str+6}
 75576 | Zig:9    | Identified the "Woon"
 75576 | Zig:9    | Entered Level 9 of a ziggurat
 75629 | Zig:9    | Identified the +6 hand axe of Woyzxolu {flame, Fragile rC+
                  | Will+}
 75659 | Zig:10   | Entered Level 10 of a ziggurat
 75665 | Zig:10   | Noticed a dread lich
 75669 | Zig:10   | Killed a dread lich
 75669 | Zig:10   | Noticed an ancient lich
 75670 | Zig:10   | Reached skill level 10 in Earth Magic
 75672 | Zig:10   | Killed an ancient lich
 75682 | Zig:10   | Identified the ring "Fattuum" {rElec Will- AC+4 Str+3}
 75711 | Zig:10   | Identified the amulet of Judas {Faith *Slow rPois Str+2}
 75739 | Zig:11   | Entered Level 11 of a ziggurat
 75776 | Zig:11   | Identified the +9 hand axe of Eternal Night {heavy, rElec
                  | rPois Dex+2}
 75787 | Zig:11   | Identified the +6 morningstar of Famine {drain, rN+ Int+6}
 75821 | Zig:12   | Entered Level 12 of a ziggurat
 75832 | Zig:12   | Noticed a dread lich
 75834 | Zig:12   | Killed a dread lich
 75866 | Zig:12   | Identified the ring of Beogh's Grace {Str+6 Int+3}
 75887 | Zig:12   | Identified the ring of Xom's Bemusement {+Blink rF+ Str-5
                  | Int+3 Dex+6}
 75889 | Zig:12   | Identified the +9 sling of the Fortifying Wasp {freeze, rC+
                  | Dex+3}
 75896 | Zig:12   | Identified the +4 glaive of the Lurker {flame, rElec rCorr
                  | Dex-4 SInv}
 75933 | Zig:13   | Entered Level 13 of a ziggurat
 75956 | Zig:13   | Reached skill level 15 in Earth Magic
 76118 | Zig:13   | Identified the +9 mace of Hozu {vamp, rPois MP+9 Str-5}
 76121 | Zig:13   | Identified the +9 sling of Rigeiq {freeze, Str+2}
 76124 | Zig:13   | Identified the staff of an ossuary {Contam rElec rPois rC++
                  | Tloc Poison}
 76169 | Zig:14   | Entered Level 14 of a ziggurat
 76294 | Zig:15   | Entered Level 15 of a ziggurat
 76358 | Zig:15   | Identified the +7 great sword of the Aged Places {freeze,
                  | Fly rElec rN++ Dex-5}
 76362 | Zig:15   | Identified the +8 sling "Jellyslayer" {heavy, Int+3}
 76413 | Zig:16   | Identified the "Laulua"
 76413 | Zig:16   | Entered Level 16 of a ziggurat
 76425 | Zig:16   | Paralysed by an air elemental for 1 turns
 76438 | Zig:16   | Found the +8 frozen axe "Frostbite" {freeze, freezing
                  | cloud, *Noise Fly rC+}
 76492 | Zig:16   | Identified the +5 trident "Xyuxuthry" {flame, rElec}
 76553 | Zig:17   | Identified the of Ughaf
 76553 | Zig:17   | Entered Level 17 of a ziggurat
 76594 | Zig:17   | Identified the +0 crystal plate armour "Queluxe" {rElec}
 76599 | Zig:17   | Identified the +0 plate armour of Idealism {*Slow rElec
                  | rC++ Slay+2}
 76602 | Zig:17   | Identified the +6 short sword of the Common Good {drain,
                  | rElec rN+ Int+3}
 76607 | Zig:17   | Identified the ring "Ciodd" {rN+ rCorr}
 76678 | Zig:18   | Entered Level 18 of a ziggurat
 76690 | Zig:18   | Noticed an ancient lich
 76692 | Zig:18   | Noticed a dread lich
 76692 | Zig:18   | Noticed a dread lich
 76693 | Zig:18   | Noticed a dread lich
 76704 | Zig:18   | Killed a dread lich
 76704 | Zig:18   | Killed a dread lich
 76704 | Zig:18   | Killed an ancient lich
 76704 | Zig:18   | Killed a dread lich
 76710 | Zig:18   | Noticed an ancient lich
 76714 | Zig:18   | Killed an ancient lich
 76717 | Zig:18   | Noticed an ancient lich
 76720 | Zig:18   | Killed an ancient lich
 76731 | Zig:18   | Found the ring of Shadows {Umbra +Inv Stlth+}
 76737 | Zig:18   | Found the +8 orange crystal plate armour {Archmagi, Int+3
                  | Clar}
 76743 | Zig:18   | Identified the ring of the Wereyak {Fly rPois Int+5 Slay-4}
 76761 | Zig:18   | Identified the amulet of the Pariah {Reflect rC- rN++ Int+3
                  | SH+5}
 76770 | Zig:18   | Identified the +11 whip of a ziggurat {flame, Str+5 Int+5}
 76844 | Zig:19   | Identified the "Leycun"
 76844 | Zig:19   | Identified the of Feschafem
 76844 | Zig:19   | Entered Level 19 of a ziggurat
 76861 | Zig:19   | Noticed Bodwig the pandemonium lord
 76862 | Zig:19   | Noticed Furo the pandemonium lord
 76862 | Zig:19   | Noticed Peot Wae the pandemonium lord
 76864 | Zig:19   | Killed Furo the pandemonium lord
 76864 | Zig:19   | Killed Bodwig the pandemonium lord
 76867 | Zig:19   | Noticed Luugy the pandemonium lord
 76868 | Zig:19   | Killed Peot Wae the pandemonium lord
 76868 | Zig:19   | Killed Luugy the pandemonium lord
 76868 | Zig:19   | Noticed Riwy the pandemonium lord
 76869 | Zig:19   | Noticed Pyph the pandemonium lord
 76869 | Zig:19   | Noticed Kador the pandemonium lord
 76869 | Zig:19   | Noticed Igaeliakk the pandemonium lord
 76872 | Zig:19   | Killed Riwy the pandemonium lord
 76872 | Zig:19   | Killed Kador the pandemonium lord
 76874 | Zig:19   | Killed Igaeliakk the pandemonium lord
 76876 | Zig:19   | Killed Pyph the pandemonium lord
 76928 | Zig:19   | Identified the +1 buckler of the Candlemaker {Contam
                  | Rampage rElec Int-5}
 76941 | Zig:19   | Identified the +6 scimitar of Xom's Felicitations {flame,
                  | *Slow rElec rPois Int+3}
 77032 | Zig:20   | Entered Level 20 of a ziggurat
 77057 | Zig:20   | Reached skill level 23 in Spellcasting
 77106 | Zig:20   | Reached skill level 24 in Spellcasting
 77111 | Zig:20   | Identified the +5 triple crossbow of the Ferocious God
                  | {elec, rElec rC- rN+}
 77198 | Zig:21   | Entered Level 21 of a ziggurat
 77212 | Zig:21   | Reached skill level 1 in Shapeshifting
 77218 | Zig:21   | Reached skill level 5 in Shapeshifting
 77253 | Zig:21   | Identified the +10 rapier of Ignis's Righteous Fury {heavy,
                  | Dex+3}
 77259 | Zig:21   | Identified the +8 orcbow of Begrades {antimagic, Int+3}
 77328 | Zig:22   | Entered Level 22 of a ziggurat
 77352 | Zig:22   | Noticed a dread lich
 77355 | Zig:22   | Killed a dread lich
 77374 | Zig:22   | Reached skill level 10 in Shapeshifting
 77433 | Zig:22   | Identified the staff of the Lame Duck {rElec rC+ rN++ Dex+2
                  | Air}
 77441 | Zig:22   | Identified the +5 ring mail of the Imbibing Gods {rPois rF+
                  | rN+ Str-5}
 77548 | Zig:23   | Identified the "Padghif"
 77548 | Zig:23   | Entered Level 23 of a ziggurat
 77605 | Zig:23   | Identified the ring "Valucvuy" {rN+ SInv}
 77607 | Zig:23   | Identified the +7 sling of the Sun {flame, Str+2}
 77610 | Zig:23   | Identified the ring "Kiost" {rElec rPois rCorr MP-9 Dex+7}
 77613 | Zig:23   | Identified the ring of Vocsefol {rN+ Will+ Str+4 Dex-3
                  | Stlth+}
 77621 | Zig:23   | Identified the +0 plate armour "Lixogik" {rPois rCorr Str-2
                  | Dex+5}
 77646 | Zig:24   | Identified the of Ripheg
 77646 | Zig:24   | Entered Level 24 of a ziggurat
 77659 | Zig:24   | Noticed a royal mummy
 77671 | Zig:24   | Killed a royal mummy
 77692 | Zig:24   | Noticed a royal mummy
 77694 | Zig:24   | Killed a royal mummy
 77700 | Zig:24   | Noticed a royal mummy
 77700 | Zig:24   | Noticed a royal mummy
 77701 | Zig:24   | Killed a royal mummy
 77701 | Zig:24   | Killed a royal mummy
 77703 | Zig:24   | Killed a royal mummy
 77704 | Zig:24   | Noticed a royal mummy
 77704 | Zig:24   | Noticed a royal mummy
 77706 | Zig:24   | Killed a royal mummy
 77706 | Zig:24   | Noticed a royal mummy
 77707 | Zig:24   | Reached skill level 15 in Shapeshifting
 77707 | Zig:24   | Killed a royal mummy
 77708 | Zig:24   | Killed a royal mummy
 77709 | Zig:24   | Noticed a royal mummy
 77711 | Zig:24   | Killed a royal mummy
 77714 | Zig:24   | Noticed a royal mummy
 77715 | Zig:24   | Noticed a royal mummy
 77716 | Zig:24   | Killed a royal mummy
 77716 | Zig:24   | Killed a royal mummy
 77716 | Zig:24   | Noticed a royal mummy
 77717 | Zig:24   | Killed a royal mummy
 77717 | Zig:24   | Killed a royal mummy
 77721 | Zig:24   | Noticed a royal mummy
 77722 | Zig:24   | Noticed a royal mummy
 77723 | Zig:24   | Killed a royal mummy
 77726 | Zig:24   | Killed a royal mummy
 77806 | Zig:24   | Identified the ring of Licayrch {rF+ Will++ Int-2 Slay+2}
 77835 | Zig:24   | Identified the +1 leather armour of Bualiol {rElec Regen+
                  | Int-4 Slay+2}
 77838 | Zig:24   | Identified the ring of Propriety {rN++ Dex+6}
 77839 | Zig:24   | Identified the +11 flail of Ipse Dixit {venom, rN+ Will+
                  | rCorr Int-2}
 77900 | Zig:25   | Identified the of Kifunkar
 77900 | Zig:25   | Entered Level 25 of a ziggurat
 77996 | Zig:25   | Identified the +9 hand axe of the Usurping Lamprey {pain,
                  | Dex+4}
 78006 | Zig:25   | Identified the +8 short sword "Iril" {venom, rF+}
 78026 | Zig:25   | Identified the +0 shortbow "Undertaker" {antimagic, rF- rC+
                  | Int+5}
 78029 | Zig:25   | Identified the +5 chain mail of Wocipinu {rN+ Stlth+}
 78127 | Zig:26   | Entered Level 26 of a ziggurat
 78192 | Zig:26   | Found the +3 crown of Dyrovepreva {rElec Int+2 SInv}
 78204 | Zig:26   | Identified the staff "Ynor" {Will+ SInv Conj}
 78226 | Zig:26   | Identified the "Hiusch" (You acquired it on level 26 of a
                  | ziggurat)
 78226 | Zig:26   | Acquired 999 gold pieces
 78228 | Zig:26   | Identified the "Bithoirgh" (You acquired it on level 26 of
                  | a ziggurat)
 78228 | Zig:26   | Acquired 830 gold pieces
 78236 | Zig:26   | Identified the +5 hand axe of Taykk {freeze, Dex+4}
 78249 | Zig:26   | Identified the +8 orcbow "Saseppas" {flame, Drain rPois rC-
                  | Will+++}
 78252 | Zig:26   | Identified the +1 robe of Pyh Beni {*Corrode +Blink Will++
                  | Str+2}
 78272 | Zig:27   | Identified the "Dyrua"
 78272 | Zig:27   | Identified the of Runaarid
 78272 | Zig:27   | Entered Level 27 of a ziggurat
 78308 | Zig:27   | Reached skill level 10 in Evocations
 78364 | Zig:27   | Identified the ring of the Evening {rC+ Str+6}
 78387 | Zig:27   | Identified the +2 battleaxe of Destiny {freeze, rElec
                  | rCorr}
 78388 | Zig:27   | Identified the +10 bardiche "Nigoalok" {heavy, *Noise rF+
                  | rN++}
 78400 | Zig:27   | Identified the +9 scimitar of Zuwkueco {freeze, rF+ Str+2}
 78626 | Hell     | Found a gateway to the ashen valley of Gehenna.
 78813 | Hell     | Found a gateway to the freezing wastes of Cocytus.
 78888 | Hell     | Found a gateway to the Iron City of Dis.
 79019 | Hell     | Found a gateway to the decaying netherworld of Tartarus.
 79075 | Coc:1    | Entered Level 1 of Cocytus
 79891 | Coc:4    | Reached skill level 15 in Evocations
 79944 | Coc:5    | Reached skill level 15 in Armour
 80299 | Coc:7    | Entered Level 7 of Cocytus
 80567 | Coc:7    | Noticed Antaeus
 80576 | Coc:7    | Killed Antaeus
 80758 | Coc:7    | Got an icy rune of Zot
 80762 | Coc:7    | Identified the +5 falchion of Dim Light {chaos, rF+ Dex+3}
 80766 | Coc:7    | Identified the +1 chain mail of the Dungeon {Rampage
                  | *Corrode Str+3 Dex+4}
 80947 | Dis:1    | Entered Level 1 of the Iron City of Dis
 81004 | Hell     | Lost mutation: You occasionally shout uncontrollably at
                  | your foes. [potion of mutation]
 81004 | Hell     | Lost mutation: Your flesh is heat resistant. (rF+) [potion
                  | of mutation]
 81004 | Hell     | Lost mutation: You are clumsy. (Dex -2) [potion of
                  | mutation]
 81004 | Hell     | Gained mutation: Your movements are slightly less
                  | encumbered by armour. (ER -2) [potion of mutation]
 81004 | Hell     | Gained mutation: You are resistant to electric shocks.
                  | (rElec) [potion of mutation]
 81004 | Hell     | Gained mutation: You have sharp fingernails. [potion of
                  | mutation]
 82101 | Dis:2    | Noticed a juggernaut
 82101 | Dis:2    | Noticed a juggernaut
 82103 | Dis:2    | Killed a juggernaut
 82103 | Dis:2    | Killed a juggernaut
 82211 | Dis:2    | You fall into a shaft and drop 1 floor!
 82415 | Dis:4    | Reached skill level 25 in Spellcasting
 82724 | Dis:6    | Noticed a juggernaut
 82727 | Dis:6    | Killed a juggernaut
 82731 | Dis:7    | Entered Level 7 of the Iron City of Dis
 82743 | Dis:7    | Reached skill level 26 in Spellcasting
 82880 | Dis:7    | Reached skill level 27 in Spellcasting
 83250 | Dis:7    | Noticed Dispater
 83261 | Dis:7    | Killed Dispater
 83423 | Dis:7    | Identified the ring "Quxuawah" {rElec rF+ rC+ Int+3}
 83428 | Dis:7    | Got an iron rune of Zot
 83430 | Dis:7    | Identified the +4 shortbow "Giantslayer" {elec, +Blink}
 84153 | Geh:1    | Entered Level 1 of Gehenna
 85574 | Geh:7    | Entered Level 7 of Gehenna
 85585 | Geh:7    | Noticed a dread lich
 85588 | Geh:7    | Killed a dread lich
 85981 | Geh:7    | Found the +13 sceptre of Asmodeus
 85981 | Geh:7    | Identified the ring of Xivafueh {rPois rF+ rC+ MP-9 Int+4
                  | SInv}
 85981 | Geh:7    | Noticed Asmodeus
 85985 | Geh:7    | Killed Asmodeus
 86038 | Geh:7    | Got an obsidian rune of Zot
 86040 | Geh:7    | Identified the amulet of Music {Regen+ Str+3 Dex+6}
 86044 | Geh:7    | Identified the +1 spear "Milidesk" {protect, Str+2}
 86221 | Tar:1    | Entered Level 1 of Tartarus
 86720 | Zig:1    | Entered Level 1 of a ziggurat
 86941 | Zig:1    | Identified the +1 quarterstaff of the End {venom, rF- Will+
                  | rCorr}
 86965 | Tar:6    | Killed from afar by a Tzitzimitl

Illustrated notes

Levels and vault maps discovered:
D:1:      psy_arrival_whirlpool, layout_basic, minivault_26
D:2:      layout_basic, hellmonk_ecumenical_altar_zigzags,
          kennysheep_generic_room_2
D:3:      layout_loops_cross, gammafunk_ghost_gnarly_gnolls, uniq_jessica,
          uniq_robin
D:4:      layout_basic, gup_ossuary_entry_pyramid, nicolae_shop_clearance
D:5:      nicolae_BIG_FREAKIN_CUBE, layout_basic, mainiacjoe_overflow_paths,
          minmay_temple_entry_nine_rooms, serial_shops, nicolae_diamond_shop
D:6:      layout_loops_corners, okawaru_metal_pillars_1_2,
          nicolae_hepliaklqana_monster_ancestors,
          gammafunk_ghost_abyssal_escape, uniq_jeremiah, uniq_eustachio,
          uniq_blork_the_orc, uniq_maggie
D:7:      kennysheep_six_static_rooms, layout_cave_pools, serial_rivers,
          chequers_serial_rivers_micro_e, chequers_serial_rivers_small_b,
          chequers_serial_rivers_large_b, chequers_serial_rivers_micro_a,
          chequers_serial_rivers_large_a, enter_bailey_5, chequers_garden,
          minmay_fire_ice_demons
D:8:      layout_layer_cave, ebering_ghost_disaster_area
D:9:      layout_cave_pools, dreamdust_divine_triumvirate, dpeg_lair_monsters,
          orc_0_dummy
D:10:     layout_basic, serial_glass, glass_columns_c, glass_columns_a,
          feat_on_display, minmay_strange_pillars, item_on_display_a,
          feat_on_display, gammafunk_ghost_ooze, amcnicky_mini_pool_small
D:11:     minmay_ice_pillars, layout_loops_ring
D:12:     layout_stronghold
D:13:     layout_basic, minivault_25, kb_rosetta
D:14:     regret_index_bee_streams, layout_basic, hellmonk_vaults_keyhole,
          abandoned_shop, nicolae_figureground_sparkle, uniq_snorg,
          uniq_jorgrun, uniq_agnes
D:15:     gammafunk_depths_entry_grave, layout_basic, amethyst_killhole,
          minmay_misc_feat_more_columns, uniq_kirke
Temple:   compressed_dpeg_triangle_lava_temple
Lair:1:   layout_chaotic_city, ebering_ghost_disaster_area,
          serial_bayou_crossing, infiniplex_staircase_pool_2, lemuel_fruit_tree
Lair:2:   layout_cave_pods, dummy_snake_entry, gauntlet_entry_generic,
          lemuel_fruit_fields, infiniplex_staircase_pool
Lair:3:   layout_long_grid, minmay_shoals_entry_centaurs, beast_lair_carwin_10,
          grunt_megastairs_3
Lair:4:   layout_hall_layers
Lair:5:   hellmonk_lair_end_abyssal_woods, layout_gridlike,
          nicolae_slime_entry_slimehenge, basic_altar
Shoals:1: layout_shoals
Shoals:2: layout_shoals, nicolae_shoals_water_booths, uniq_ilsuiw
Shoals:3: layout_shoals, nicolae_shoals_beach_house_on_fowls_legs
Shoals:4: shoals_end_grunt_ice, layout_shoals, nicolae_shoals_wave_tunnel,
          uniq_mlioglotl
Snake:1:  layout_misc_corridors, minmay_shop_star, serial_bayou_shore_a,
          uniq_nikola
Snake:2:  layout_onion, minmay_shoptagon
Snake:3:  layout_grid_shapes, st_stairs_11, nicolae_twisty_statue_hallways,
          uniq_aizul, uniq_vashnia
Snake:4:  snake_pit, layout_cave_town, ebering_ghost_gozag, grunt_megastairs_1,
          serial_bayou_shore_b
Slime:1:  layout_caves
Slime:2:  layout_caves
Slime:3:  nicolae_slime_pool, layout_caves
Slime:4:  layout_caves, nicolae_slime_barrier
Slime:5:  slime_pit_nicolae_block_by_block
Orc:1:    layout_caves, uniq_urug, uniq_harold
Orc:2:    st_orc_open, layout_caves, uniq_donald
Elf:1:    minmay_elf_arrival_plus, layout_loops_cross, hangedman_elf_disciples
Elf:2:    nicolae_elf_blades_crystal_corner, layout_geoelf_octagon,
          minmay_shop_grove, lemuel_elevator
Elf:3:    minmay_elf_hall_furrowed, layout_onion_city
Vaults:1: vaults_room_stairs_pillars, vaults_standard_mumra_lines,
          nicolae_vaults_big_ls, nicolae_vaults_trapezoid_lopsided_3,
          vaults_mumra_lcd, v_alt_pattern_4, v_rooms_5, ontoclasm_vaults_tryst,
          layout_vaults_omnibox
Vaults:2: nicolae_vaults_network_quinsquares
          [nicolae_vaults_network_quincunx_subvault,
          nicolae_vaults_network_quincunx_subvault,
          nicolae_vaults_network_quincunx_subvault,
          nicolae_vaults_network_quincunx_subvault],
          minmay_crypt_entry_vampire_xt, nicolae_vaults_offset_grid_hallway_4,
          nicolae_vaults_steering_wheel, nicolae_vaults_wrenched, v_misc_28,
          nicolae_vaults_sealed_display, nicolae_vaults_mitosis,
          hangedman_vaults_corner_blocks, nicolae_vaults_house_2,
          nicolae_vaults_apartment_1, layout_vaults_ring, uniq_margery,
          uniq_boris
Vaults:3: nicolae_vaults_closet_pinwheel_5,
          nicolae_vaults_offset_grid_hallway_4, v_misc_18, v_misc_18,
          nicolae_vaults_stairing_the_circle, ontoclasm_vaults_eye,
          layout_vaults_chaotic_city, serial_shops,
          nicolae_shop_pleasant_corner_grove
Vaults:4: portal_desolation_entry_holy_temple, nicolae_vaults_tetromino_L_2,
          hangedman_vaults_cutoff, vaults_mumra_minichess_inversion,
          grunt_vaults_focal, nicolae_vaults_little_guard_posts,
          ontoclasm_vaults_ring_small, nicolae_vaults_trapezoid_lopsided_1,
          hangedman_vaults_snaps, vaults_room_pool, grunt_vaults_funnel,
          nicolae_vaults_tangram_2, nicolae_vaults_door_testing_chamber,
          vaults_room_mumra_shop_pool, layout_vaults_maze
Vaults:5: uniq_bai_suzhen
Crypt:1:  layout_catacombs, corner_web_ring, grunt_crypt_arrival_split,
          uniq_khufu
Crypt:2:  gammafunk_sealed_arena, layout_catacombs, weyrava_vampire_temple
Crypt:3:  grunt_crypt_end_deaths_head
Tomb:1
Tomb:2
Tomb:3
Depths:1: layout_gridlike, hell_entry, minmay_misc_feat_pillars,
          wheals_unrand_guarded_autumn_katana
Depths:2: minmay_swirls_squares, layout_cave_pools, hell_entry,
          grunt_pan_entry_zigzag, elyvilon_altar_5
Depths:3: cheibrodos_witchhunters_guild, layout_small_grid, abyss_entry,
          hangedman_geh_valley, hangedman_decor_clover_reticule,
          gammafunk_ghost_wrathful_warriors, uniq_mennas, uniq_mara, uniq_sojobo
Depths:4: grunt_zot_entry_alcove, layout_cave_pools, enter_ziggurat_f,
          mu_enter_wizlab_1, grunt_hell_entry_dis_old, abyss_entry_flame_altar,
          nrook_loot_triangle, bloody_trog, uniq_parghit, uniq_josephina
Hell
Dis:1:    layout_regular_city
Dis:2:    layout_overlapping_boxes, nicolae_dis_step_into_the_octagon
Dis:3:    layout_subdivisions
Dis:4:    nicolae_dis_metal_hellway, layout_subdivisions
Dis:5:    nicolae_dis_hell_towers
Dis:6:    hangedman_iron_city_apartments
Dis:7:    iron_city_of_dis [dis_mu, dis_wall_6], layout_gridville
Geh:1:    layout_gehenna_pools_basic
Geh:2:    layout_gehenna_lava_caves
Geh:3:    layout_gehenna_pools_box
Geh:4:    nicolae_geh_i_lava_good_maze [nicolae_geh_lavamaze_diaghalf_squeeze,
          nicolae_geh_lavamaze_diaghalf_village]
Geh:5:    layout_gehenna_pools_box
Geh:6:    layout_gehenna_pools_basic
Geh:7:    geh_grunt_pentagon
Coc:1:    layout_ice_bergs
Coc:2:    layout_ice_bergs
Coc:3:    layout_ice_bergs
Coc:4:    nicolae_coc_through_the_icewall, layout_cocytus_delve
Coc:5:    layout_cocytus_delve
Coc:6:    layout_cocytus_water_paths
Coc:7:    coc_old
Tar:1:    layout_grid_maze
Tar:2:    layout_cathedral_of_symmetry
Tar:3:    layout_honeycomb
Tar:4:    layout_honeycomb, nicolae_tar_combstack
Tar:5:    nicolae_tar_ssshhh
Tar:6:    nicolae_tar_intersect_combbox, layout_cathedral_of_symmetry

Skill      XL: |  1  2  3  4  5  6  7  8  9 10 11 12 13 14 15 16 17 18 19 20 21 22 23 24 25 26 27 |
---------------+----------------------------------------------------------------------------------+-----
Conjurations   | 2 3 4 5 6 8 9 10 12 13 15 16 19 21 22 23 24 26 | 26.3
Fire Magic     | 4 5 6 7 8 9 11 12 14 16 18 20 21 22 23 24 25 | 25.7
Spellcasting   | 4 5 6 7 8 9 10 12 13 14 17 19 20 27 | 27.0
Fighting       | 3 4 5 10 11 13 14 15 16 20 23 | 23.2
Dodging        | 6 7 8 11 13 16 18 19 20 | 20.0
Evocations     | 3 4 8 15 | 15.0
Transmutations | 3 4 |  4.0
Armour         | 5 8 11 20 | 20.0
Necromancy     | 13 20 | 20.0
Air Magic      | 2 25 | 25.4
Earth Magic    | 25 | 25.6
Shapeshifting  | 23 | 23.0
Stealth        | |  2.4

Action                     |  1- 3 |  4- 6 |  7- 9 | 10-12 | 13-15 | 16-18 | 19-21 | 22-24 | 25-27 || total
---------------------------+-------+-------+-------+-------+-------+-------+-------+-------+-------++-------
  Melee: Dagger            |       |    16 |     8 |    10 |       |       |       |       |       ||    34
         Punch             |       |     1 |       |       |       |       |       |       |       ||     1
         Staff             |       |       |       |    13 |    42 |     9 |    13 |     9 |    81 ||   167
         Bo                |       |       |       |       |       |       |       |       |    20 ||    20
   Fire: Orcbow            |       |       |       |     2 |       |       |       |       |       ||     2
  Throw: Throwing net      |       |       |       |       |       |       |     2 |       |     1 ||     3
   Cast: Foxfire           |    83 |   223 |   251 |   165 |       |     1 |       |       |       ||   723
         Scorch            |       |    10 |    82 |    53 |       |     1 |       |       |       ||   146
         Flame Wave        |       |       |     6 |    15 |     1 |       |       |       |       ||    22
         Inner Flame       |       |       |     7 |     8 |       |       |       |       |       ||    15
         Starburst         |       |       |       |    68 |   236 |   410 |   136 |   324 |   115 ||  1289
         Irradiate         |       |       |       |     5 |     2 |    12 |    12 |     5 |    32 ||    68
         Orb of Destructio |       |       |       |       |     1 |    66 |    16 |     3 |    15 ||   101
         Passwall          |       |       |       |       |     2 |       |       |       |       ||     2
         Ignition          |       |       |       |       |       |    64 |   445 |    71 |   313 ||   893
         Fire Storm        |       |       |       |       |       |     6 |    74 |   164 |   862 ||  1106
         Chain Lightning   |       |       |       |       |       |       |       |       |   207 ||   207
         Shatter           |       |       |       |       |       |       |       |       |   143 ||   143
  Evoke: Wand              |       |       |       |     2 |       |       |     1 |       |     9 ||    12
         Phantom mirror    |       |       |       |       |       |       |       |       |     2 ||     2
         Box of beasts     |       |       |       |       |       |       |       |       |     1 ||     1
         Figurine of a zig |       |       |       |       |       |       |       |       |     1 ||     1
    Use: Scroll            |     2 |     4 |     4 |     8 |    12 |     5 |     4 |     4 |    23 ||    66
         Potion            |       |     1 |     6 |     6 |     1 |     2 |     8 |    12 |    49 ||    85
   Stab: Distracted        |       |       |       |     1 |       |       |       |       |     1 ||     2
 Armour: Robe              |    21 |    36 |    15 |       |       |       |       |       |       ||    72
         Steam dragon scal |       |       |    22 |    87 |    52 |   173 |   107 |       |       ||   441
         Leather armour    |       |       |       |       |    71 |       |       |       |       ||    71
         Ring mail         |       |       |       |       |       |       |    76 |   151 |   346 ||   573
         Crystal plate arm |       |       |       |       |       |       |       |       |   325 ||   325
         Skin              |       |       |       |       |       |       |       |       |    25 ||    25
  Dodge: Dodged            |    24 |    41 |    44 |    67 |   204 |   206 |   115 |   114 |   369 ||  1184
  Block: Buckler           |       |       |     7 |    17 |       |       |       |       |       ||    24
   Form: Death             |       |       |       |       |       |       |       |       |     3 ||     3
                           |       |       |       |       |       |       |       |       |     2 ||     2

Table legend: (Time is in decaauts)
 A = Elapsed time spent in this place.
 B = Non-inter-level travel time spent in this place.
 C = Inter-level travel time spent in this place.
 D = Time resting spent in this place.
 E = Time spent auto-exploring this place.
 F = Levels seen in this place.
 G = Mean time per level.
                   A        B        C        D        E       F      G
               +--------+--------+--------+--------+--------+-----+--------+
         Total |  87660 |  79357 |   8303 |  22923 |  35256 | 134 |  654.2 |
       Dungeon |  22490 |  19891 |   2599 |   5430 |  10508 |  15 | 1499.3 |
        Temple |     20 |      2 |     18 |      0 |      0 |   1 |   20.0 |
          Lair |   6115 |   4991 |   1124 |    909 |   2907 |   5 | 1223.0 |
        Shoals |   6132 |   5527 |    605 |   2272 |   2346 |   4 | 1533.0 |
     Snake Pit |   5416 |   5177 |    239 |   1954 |   2110 |   4 | 1354.0 |
    Slime Pits |   1631 |   1557 |     74 |    556 |    480 |   5 |  326.2 |
  Orcish Mines |   1401 |   1283 |    118 |    419 |    623 |   2 |  700.5 |
   Elven Halls |   3708 |   3477 |    231 |    942 |   1872 |   3 | 1236.0 |
        Vaults |   7742 |   6645 |   1097 |   1402 |   3785 |   5 | 1548.4 |
         Crypt |   3418 |   2804 |    614 |    588 |   1511 |   3 | 1139.3 |
          Tomb |   1337 |   1304 |     33 |    369 |    202 |   3 |  445.7 |
        Depths |   5416 |   4344 |   1072 |   1169 |   2296 |   4 | 1354.0 |
          Hell |    815 |    656 |    159 |    238 |    274 |   1 |  815.0 |
           Dis |   1713 |   1679 |     34 |    774 |    309 |   7 |  244.7 |
       Gehenna |   1983 |   1832 |    151 |    319 |    851 |   7 |  283.3 |
       Cocytus |   1910 |   1780 |    130 |    524 |    593 |   7 |  272.9 |
      Tartarus |    446 |    446 |      0 |     53 |    109 |   6 |   74.3 |
         Abyss |    664 |    664 |      0 |    176 |     26 |   4 |  166.0 |
   Pandemonium |   8356 |   8356 |      0 |   2609 |   2977 |  15 |  557.1 |
      Ziggurat |   3459 |   3459 |      0 |    700 |    627 |  28 |  123.5 |
       Ossuary |    937 |    937 |      0 |    625 |    106 |   1 |  937.0 |
        Bailey |    621 |    621 |      0 |    294 |    146 |   1 |  621.0 |
        Wizlab |    450 |    450 |      0 |    173 |    148 |   1 |  450.0 |
    Desolation |    909 |    909 |      0 |    247 |    305 |   1 |  909.0 |
      Gauntlet |    559 |    559 |      0 |    179 |    142 |   1 |  559.0 |
               +--------+--------+--------+--------+--------+-----+--------+

Top non-repeatable levels by time:
    D:14: 2180 daAuts
Depths:3: 1995 daAuts
    D:11: 1988 daAuts
     D:9: 1965 daAuts
     D:8: 1944 daAuts
Shoals:4: 1909 daAuts
     D:6: 1842 daAuts
Vaults:2: 1784 daAuts
  Lair:5: 1768 daAuts
Vaults:1: 1725 daAuts
Vaults:5: 1706 daAuts
Shoals:3: 1651 daAuts
     D:5: 1559 daAuts
    D:15: 1513 daAuts
   Elf:3: 1503 daAuts
